 Dungeon Crawl Stone Soup version 0.29.0-4-gdea44cf6ec (webtiles) character file.

Game seed: 14504238548911912806

554248 qw the Slayer (level 26, -3/182 HPs)
             Began as a Gargoyle Fighter on Sept 10, 2022.
             Was a High Priest of Okawaru.
             Killed from afar by a yellow draconian annihilator (15 damage)
             ... with a glob of acid
             ... led by a black draconian knight
             ... on level 4 of the Realm of Zot.
             The game lasted 00:25:28 (54248 turns).

qw the Slayer (Gargoyle Fighter)                   Turns: 54248, Time: 00:25:28

Health: -3/182     AC: 62    Str: 43    XL:     26   Next: 42%
Magic:  27/27      EV: 22    Int: 13    God:    Okawaru [*****.]
Gold:   4372       SH: 32    Dex: 21    Spells: 25/25 levels left

rFire   + + .      SeeInvis +   j - +6 broad axe "Arbiter" {flame, rElec rF++ Will+}
rCold   + + .      Faith    .   i - +0 tower shield
rNeg    + + +      Spirit   .   q - +6 plate armour "Galotiy" {rN+ Dex+6 Stlth+}
rPois   inf        Reflect  +   x - +1 helmet of the Miller {rC+}
rElec   +          Harm     .   G - +2 cloak
rCorr   .          Rampage  .   D - -1 pair of gloves of Syndicalism {rPois Str+6}
Will    +++..                   r - +3 pair of boots of Fun {rN+ Str+2 SInv}
Stlth   +.........              I - amulet of reflection
HPRegen 0.40/turn               z - ring of the Heron {rC+ Str+4 Int+3 Dex+6 Stlth+}
MPRegen 0.20/turn               k - +4 ring of slaying {mikee}

@: about to teleport, heroic, flying
A: sickness immunity, AC +20, big wings, negative energy resistance 1,
electricity resistance, torment resistance 1, petrification resistance, low MP
1, strong-willed 1, mutation resistance 1
}: 3/15 runes: serpentine, barnacled, silver
a: Renounce Religion, Heroism, Finesse, Duel


You were on level 4 of the Realm of Zot.
You worshipped Okawaru.
Okawaru was extremely pleased with you.
You visited 9 branches of the dungeon, and saw 44 of its levels.
You also visited: Sewer and Ossuary.

You collected 6329 gold pieces.
You spent 1957 gold pieces at shops.


Innate Abilities, Weirdness & Mutations

You are immune to sickness and miasma.
Your stone body is resilient. (AC +20)
You are immune to poison.
Your large and strong wings let you fly.
You resist negative energy. (rN+)
You are resistant to electric shocks. (rElec)
You are resistant to unholy torment.
You are immune to petrification.
Your magical capacity is low. (-10% MP)
You are strong-willed. (Will+)
You are somewhat resistant to further mutation.


   Skills:
 - Level 23.0(27) Fighting
 - Level 18.0(23.0) Axes
 - Level 13.0(18.0) Throwing
 - Level 22.0(27) Armour
 + Level 12.7(17.7) Dodging
 - Level 21.7(26.7) Shields
 - Level 10.0 Invocations


You had 25 spell levels left.
You didn't know any spells.
Your spell library was empty.

Inventory:

Hand Weapons
 j - the +6 broad axe "Arbiter" (weapon) {flame, rElec rF++ Will+}
   (Okawaru gifted it to you on level 1 of the Lair of Beasts)

   It burns those it strikes, dealing additional fire damage.
   Big, fiery blades are also staple armaments of hydra-hunters.
   rF:        It greatly protects you from fire.
   rElec:     It insulates you from electricity.
   Will:      It increases your willpower.
Missiles
 c - 28 boomerangs
 e - 2 silver javelins (quivered)
 F - 5 javelins
Armour
 i - a +0 tower shield (worn)
 o - +0 gold dragon scales
 q - the +6 plate armour "Galotiy" (worn) {rN+ Dex+6 Stlth+}
   (Okawaru gifted it to you on level 15 of the Dungeon)

   Dex:       It affects your dexterity (+6).
   rN:        It protects you from negative energy.
   Stlth:     It makes you more stealthy.
 r - the +3 pair of boots of Fun (worn) {rN+ Str+2 SInv}
   (Okawaru gifted it to you on level 4 of the Vaults)

   Str:       It affects your strength (+2).
   rN:        It protects you from negative energy.
   SInv:      It lets you see invisible.
 w - the +8 chain mail of the Demon Prince {rF++}
   (Okawaru gifted it to you on level 2 of the Orcish Mines)

   rF:        It greatly protects you from fire.
 x - the +1 helmet of the Miller (worn) {rC+}
   (Okawaru gifted it to you on level 1 of the Realm of Zot)

   rC:        It protects you from cold.
 B - a +2 helmet of see invisible
 C - a scarf of resistance
 D - the -1 pair of gloves of Syndicalism (worn) {rPois Str+6}
   (You bought it in a shop on level 2 of the Orcish Mines)

   Str:       It affects your strength (+6).
   rPois:     It protects you from poison.
 G - a +2 cloak (worn)
Jewellery
 k - a +4 ring of slaying (right hand) {mikee}
 v - the ring "Wiolead" {Fly Int-5 Dex+4 SInv}
   (You found it on level 1 of the Vaults)

   [ring of see invisible]

   Int:       It affects your intelligence (-5).
   Dex:       It affects your dexterity (+4).
   SInv:      It lets you see invisible.
   Fly:       It grants you flight.
 z - the ring of the Heron (left hand) {rC+ Str+4 Int+3 Dex+6 Stlth+}
   (You found it on level 5 of the Lair of Beasts)

   [ring of dexterity]

   Str:       It affects your strength (+4).
   Int:       It affects your intelligence (+3).
   Dex:       It affects your dexterity (+6).
   rC:        It protects you from cold.
   Stlth:     It makes you more stealthy.
 E - the amulet of the Sun {Spirit rElec Str+3 Int-3 Dex+6}
   (You found it on level 2 of the Depths)

   [amulet of guardian spirit]

   It causes incoming damage to be divided between your reserves of health and
   magic.
   Str:       It affects your strength (+3).
   Int:       It affects your intelligence (-3).
   Dex:       It affects your dexterity (+6).
   rElec:     It insulates you from electricity.
 I - an amulet of reflection (around neck)
Wands
 y - a wand of digging (8)
Scrolls
 a - 13 scrolls of teleportation
 g - 4 scrolls of brand weapon
 m - 22 scrolls of identify
 u - 9 scrolls of blinking
 A - 5 scrolls of enchant weapon
 H - 2 scrolls of enchant armour
Potions
 b - 5 potions of magic
 d - 7 potions of might
 f - 7 potions of attraction
 h - 4 potions of cancellation
 l - 3 potions of mutation
 n - 3 potions of resistance
 p - 7 potions of lignification
 s - 18 potions of curing
 t - 4 potions of haste

Dungeon Overview and Level Annotations

Branches:
Dungeon (15/15)            Temple (1/1) D:5            Lair (5/5) D:9
 Shoals (4/4) Lair:3        Snake (4/4) Lair:3        Slime (0/5) Lair:4
    Orc (2/2) D:12            Elf (0/3) Orc:2        Vaults (5/5) D:14
  Crypt (0/3) Vaults:3     Depths (4/4) D:15            Zot (4/5) Depths:4
  Sewer (visited)         Ossuary (visited)

Altars:
Ashenzari
Cheibriados
Dithmenos
Elyvilon
Fedhas
Gozag
Hepliaklqana
Kikubaaqudgha
Makhleb
Nemelex Xobeh
Okawaru
Qazlal
Ru
Sif Muna
Trog
Uskayaw
Vehumet
Wu Jian
Xom
Yredelemnul
Zin
The Shining One
Jiyva

Shops:
D:4 ?   D:5 [   D:12 :   Orc:2 ?[[[   Shoals:4 [   Vaults:1 (   Vaults:2 :
Depths:2 *

Portals:
Hell: Depths:1 Depths:2 Depths:3 Depths:4
Abyss: Depths:2 Depths:3
Pandemonium: Depths:1 Depths:2
Ziggurat: Depths:2
Trove: D:15 (show slimy rune of Zot)

Annotations:
Lair:4 3 runed translucent doors, qw's ghost, journeyman MiBe
Shoals:2 3 runed translucent doors
Depths:1 1 runed translucent door
Depths:2 36 runed doors
Zot:1 3 runed translucent doors, qw's ghost, veteran MiBe


Message History

The yellow draconian annihilator hits you but does no damage.
You miss the green draconian monk.
The green draconian monk is severely wounded.
You slice the yellow draconian annihilator!!
You burn the yellow draconian annihilator.
You slash the purple draconian! You burn the purple draconian.
You slice the purple draconian shifter!!
You burn the purple draconian shifter! The green draconian monk hits you!!
You block the green draconian monk's attack. x2
The green draconian monk completely misses you.
You block the purple draconian's attack.
The purple draconian shifter barely misses you.
You block the purple draconian's attack.
You miss the purple draconian shifter.
The purple draconian shifter is severely wounded.
You hit the yellow draconian annihilator.
You burn the yellow draconian annihilator.
You completely miss the purple draconian.
You slash the green draconian monk! You burn the green draconian monk.
You block the green draconian monk's attack. x3
The green draconian monk completely misses you.
The purple draconian hits you from afar with a +0 glaive!!
The yellow draconian annihilator points at you and mumbles some strange words.
The crystal spear misses you.
The purple draconian shifter points at you and mumbles some strange words.
The purple draconian blinks!
The purple draconian misses you.
54248 ||| READING 14 scrolls of teleportation.
As you read the scroll of teleportation, it crumbles to dust.
You feel strangely unstable.
You feel the Orb delaying your translocation!
The green draconian monk hits you but does no damage.
You block the green draconian monk's attack.
The green draconian monk tail-slaps you.
The green draconian monk tail-slaps you!
You block the purple draconian's attack.
The purple draconian misses you.
The yellow draconian annihilator spits acid at you.
The glob of acid hits you!
You die...

... .#...##.# ....
......#.# #....
........#########.....
...................<..
.........#...#
ยค....>.
#............##d....#
#..........>.#@qy..#
#......<...##dqq..##
##.......###...[..#
####.....#.........#
##..............#
##......<......#
#......#....###
#...........#
#............#


You could see a green draconian monk (berserk), 2 draconians, a purple draconian
shifter (catching breath), a yellow draconian annihilator (catching breath) and
a moth of wrath.

Vanquished Creatures
  2 dread liches (Vaults:4)
  An orb of fire (Zot:3)
  Mara (Vaults:2)
  Mennas (Vaults:5)
  Vv (Zot:3)
  Boris (Vaults:4)
  A Killer Klown (Zot:4)
  Margery (Depths:4)
  A curse toe (Zot:2)
  Vashnia (Snake:4)
  Xtahua (Depths:4)
  2 caustic shrikes (Depths:3)
  8 golden dragons
  A bone dragon (Depths:4)
  An electric golem (Zot:1)
  Jorgrun (D:15)
  10 tentacled monstrosities
  3 liches (Depths:2)
  Zenata (Vaults:2)
  Asterion (Depths:2)
  8 titans
  2 krakens (Shoals:4)
  4 sphinxes
  3 death cobs
  3 quicksilver dragons
  An ancient champion (Depths:2)
  12 storm dragons
  Kirke (D:13)
  3 draconian monks
  7 tengu reavers
  7 shadow dragons
  A daeva (Depths:2)
  Donald (Shoals:3)
  5 nagarajas
  8 fire giants
  5 frost giants
  3 draconian knights
  A deep elf sorcerer (Vaults:5)
  5 draconian scorchers
  6 draconian shifters
  An iron dragon (Vaults:4)
  4 draconian stormcallers
  20 vault wardens
  4 orc warlords
  Louise (Depths:2)
  41 very ugly things
  15 ironbound preservers
  3 reapers (Depths:2)
  4 war gargoyles
  7 stone giants
  5 ironbound thunderhulks
  A draconian annihilator (Zot:3)
  Nessos (D:14)
  8 black draconians
  3 entropy weavers
  8 green draconians
  2 vampire knights
  4 deep elf annihilators
  5 red draconians
  13 dire elephants
  5 purple draconians
  11 white draconians
  6 spark wasps (Depths:4)
  8 yellow draconians
  6 merfolk javelineers
  4 fire dragons
  3 green deaths (Depths:2)
  A blizzard demon (Depths:1)
  16 yaktaur captains
  A crystal guardian (Vaults:3)
  4 ettins
  4 merfolk impalers
  Josephine (Lair:3)
  4 great orbs of eyes
  2 deep elf high priests (Vaults:4)
  7 boulder beetles
  2 rakshasas
  2 peacekeepers (Vaults:3)
  9 ice dragons
  39 vault guards
  4 spriggan air magi
  10 naga warriors
  7 hydras
  6 ironbound frosthearts
  2 salamander tyrants
  2 catoblepae (Lair:5)
  A merfolk avatar (Shoals:4)
  An alligator snapping turtle (Shoals:4)
  5 anacondas
  7 ogre magi
  2 dancing weapons (D:14)
  13 centaur warriors
  3 satyrs
  4 merfolk aquamancers
  4 deep troll shamans
  24 two-headed ogres
  6 tengu warriors
  10 deep troll earth magi
  4 spriggan berserkers
  9 death yaks
  15 naga sharpshooters
  3 shock serpents
  3 sun demons (Shoals:1)
  8 hell knights
  Sonja (Lair:4)
  8 iron trolls
  13 skeletal warriors
  6 salamander mystics
  A steelbarb worm (shapeshifter) (Depths:3)
  24 sea snakes
  4 naga ritualists (Snake:4)
  2 glowing orange brains
  2 obsidian statues
  10 phantasmal warriors
  An orb spider (shapeshifter) (Depths:3)
  5 wizards
  63 deep trolls
  26 ironbound convokers
  9 orc knights
  6 deep elf pyromancers
  16 lindwurms
  4 necromancers
  2 deep elf zephyrmancers (Vaults:4)
  A harpy (shapeshifter) (Depths:3)
  22 harpies
  An orc sorcerer (Orc:1)
  A wolf spider (shapeshifter) (Depths:3)
  A glowing shapeshifter (Depths:3)
  35 ugly things
  27 fauns
  An oklob plant (Lair:4)
  2 manticores (shapeshifter)
  A cyclops (shapeshifter) (Vaults:4)
  9 cyclopes
  12 mana vipers
  13 moths of wrath
  17 salamanders
  8 manticores
  9 merfolk sirens
  33 black mambas
  3 fauns (shapeshifter)
  8 water nymphs
  An elephant (shapeshifter) (Depths:3)
  21 elephants
  6 guardian serpents
  A guardian serpent (shapeshifter) (Depths:3)
  A rust devil (Depths:1)
  11 cane toads
  12 naga magi
  A gargoyle (D:14)
  18 vault sentinels
  A smoke demon (Depths:1)
  A torpor snail (shapeshifter) (Vaults:4)
  4 kobold demonologists
  8 komodo dragons
  A rime drake (shapeshifter) (Vaults:3)
  A komodo dragon (shapeshifter) (Depths:3)
  2 rime drakes
  24 yaktaurs
  2 efreet
  2 tengu conjurers
  19 merfolk
  2 hellwings (Depths:1)
  A queen bee (shapeshifter) (Depths:3)
  A polar bear (shapeshifter) (Depths:3)
  12 trolls
  7 wind drakes
  6 hornets
  A wind drake (shapeshifter) (D:14)
  11 slime creatures
  2 polar bears (Lair:5)
  Prince Ribbit (D:7)
  8 dream sheep
  A dream sheep (shapeshifter) (Depths:3)
  5 snapping turtles
  A snapping turtle (shapeshifter) (Vaults:5)
  A blink frog (shapeshifter) (Depths:3)
  8 water elementals
  3 shadows
  6 wyverns
  7 spriggans
  A spriggan (shapeshifter) (Depths:3)
  Sigmund (D:2)
  A human (D:13)
  A centaur simulacrum (D:14)
  A culicivora (Vaults:3)
  3 vampires
  40 yaks
  4 hogs (D:13)
  A human (shapeshifter) (Depths:3)
  3 basilisks
  7 wraiths
  A steam dragon (D:7)
  A redback (shapeshifter) (Vaults:1)
  3 redbacks
  5 vampire mosquitoes (D:12)
  2 wargs
  A naga (shapeshifter) (Depths:3)
  2 acid dragons (D:11)
  31 nagas
  21 water moccasins
  3 sky beasts
  13 orc warriors
  A black bear (Lair:5)
  30 ogres
  3 boggarts (D:15)
  20 wolves
  7 centaurs
  4 kobold brigands
  3 phantoms
  3 gnoll sergeants
  5 scorpions
  14 bullfrogs
  A water moccasin zombie (Ossuary)
  5 wights
  14 killer bees
  A vampire bat (D:10)
  4 electric eels
  5 hounds
  A centaur skeleton (D:3)
  12 orc priests
  An iguana (D:4)
  2 jellies
  Ijyb (D:5)
  Terence (D:3)
  2 scorpion zombies (D:3)
  8 orc wizards
  3 hound zombies (D:3)
  2 mummies (Ossuary)
  13 adders
  11 gnolls
  A shadow imp (D:7)
  2 white imps
  An adder skeleton (D:3)
  4 adder zombies
  2 worms
  2 dart slugs
  36 orcs
  2 bat skeletons (D:10)
  3 bat zombies (D:10)
  20 endoplasms
  9 giant cockroaches
  5 gnoll zombies (Ossuary)
  7 goblins
  7 hobgoblins
  5 jackals
  24 kobolds
  14 quokkas
  12 ball pythons
  A ball python zombie (D:3)
  7 bats
  8 frilled lizards
  8 hobgoblin zombies (Ossuary)
  A kobold zombie (Ossuary)
  5 orc zombies (Ossuary)
  A quokka zombie (D:3)
  5 rats
  A plant (Shoals:4)
  5 tentacles (Shoals:4)
1713 creatures vanquished.

Vanquished Creatures (others)
  A green draconian (Zot:2)
  A satyr (Shoals:3)
  2 fauns
  A guardian serpent (Snake:4)
  35 fungi
  286 plants
  6 tentacles (Shoals:4)
332 creatures vanquished.

Grand Total: 2045 creatures vanquished

Notes
Turn   | Place    | Note
-------+----------+-------------------------------------------
     0 | D:1      | qw the Gargoyle Fighter began the quest for the Orb.
     0 | D:1      | Reached XP level 1. HP: 14/14 MP: 1/1
     0 | D:1      | 0 ||| qw: Version: 0.1-a-116-g5d60599
     0 | D:1      | 0 ||| qw: Game counter: 7431
     0 | D:1      | 0 ||| qw: Always use a shield: true
     0 | D:1      | 0 ||| qw: God list: Okawaru
     0 | D:1      | 0 ||| qw: Allow faded altars: false
     0 | D:1      | 0 ||| qw: Do Orc after D:15 true
     0 | D:1      | 0 ||| qw: Do second Lair branch before Depths: true
     0 | D:1      | 0 ||| qw: Lair rune preference: random
     0 | D:1      | 0 ||| qw: Plans: Normal, Zot, God:TSO, Crypt, Tomb, Zig,
                  | Orb
     0 | D:1      | 0 ||| PLANNING D:1-11
   109 | D:1      | Found a faded altar of an unknown god.
   162 | D:1      | 162 ||| Stepping ~*~*~tactically~*~*~ (stealth).
   194 | D:1      | 194 ||| Stepping ~*~*~tactically~*~*~ (stealth).
   195 | D:1      | 195 ||| Stepping ~*~*~tactically~*~*~ (hiding).
   199 | D:1      | Reached XP level 2. HP: 16/19 MP: 2/2
   238 | D:1      | 238 ||| Stepping ~*~*~tactically~*~*~ (stealth).
   239 | D:1      | 239 ||| Stepping ~*~*~tactically~*~*~ (stealth).
   712 | D:1      | 712 ||| UPGRADING to +0 chain mail.
   722 | D:1      | 722 ||| DROPPING +0 scale mail.
   723 | D:1      | 723 ||| DROPPING +6 ring of intelligence.
   724 | D:1      | 724 ||| UPGRADING to ring of resist corrosion.
   725 | D:1      | 725 ||| READING scroll labelled ERUIDW LOUR.
   726 | D:1      | 726 ||| READING scroll labelled ELYDEGR VOBOC.
   727 | D:1      | 727 ||| DRINKING 2 glowing ruby potions.
   728 | D:1      | 728 ||| DRINKING 2 murky silvery potions.
   729 | D:1      | 729 ||| DROPPING potion of magic.
   864 | D:2      | Reached skill level 3 in Axes
   864 | D:2      | Reached XP level 3. HP: 23/23 MP: 3/3
   902 | D:2      | Noticed Sigmund
   917 | D:2      | Killed Sigmund
   918 | D:2      | Reached XP level 4. HP: 12/28 MP: 4/4
   918 | D:2      | Reached XP level 5. HP: 14/32 MP: 5/5
  1088 | D:2      | 1088 ||| Stepping ~*~*~tactically~*~*~ (stealth).
  1298 | D:2      | Reached skill level 1 in Throwing
  1298 | D:2      | Reached XP level 6. HP: 33/37 MP: 6/6
  1326 | D:2      | 1326 ||| Stepping ~*~*~tactically~*~*~ (stealth).
  1329 | D:2      | 1329 ||| Stepping ~*~*~tactically~*~*~ (stealth).
  1332 | D:2      | 1332 ||| Stepping ~*~*~tactically~*~*~ (stealth).
  1367 | D:2      | 1367 ||| Stepping ~*~*~tactically~*~*~ (stealth).
  1399 | D:2      | 1399 ||| Stepping ~*~*~tactically~*~*~ (stealth).
  1860 | D:2      | 1860 ||| DROPPING amulet of faith.
  1861 | D:2      | 1861 ||| DROPPING ring of magical power.
  1862 | D:2      | 1862 ||| READING 4 scrolls labelled RAMAR JOUQ.
  1867 | D:2      | 1867 ||| READING scroll labelled TYETIRU OCWOGO.
  1867 | D:2      | Identified a scroll of acquirement
  1867 | D:2      | 1867 ||| ACQUIRING +3 broad axe "Nyomihed" {vorpal, Will+}
  1867 | D:2      | Acquired the +3 broad axe "Nyomihed" {vorpal, Will+}
  1869 | D:2      | 1869 ||| SWAPPING to +3 broad axe "Nyomihed" {vorpal,
                  | Will+}.
  1870 | D:2      | 1870 ||| DROPPING +0 war axe.
  1871 | D:2      | 1871 ||| READING scroll labelled GUAGAEBODA.
  1872 | D:2      | 1872 ||| READING scroll labelled OTAT VYSTADIA.
  1873 | D:2      | 1873 ||| READING scroll labelled PASHRIZIWKOA.
  1883 | D:3      | 1883 ||| PLANNING SEWER
  1892 | D:3      | Reached skill level 4 in Fighting
  2030 | D:3      | Found a glowing drain.
  2037 | D:3      | 2037 ||| READING scroll labelled FOLEGI HAAPACH.
  2038 | D:3      | 2038 ||| READING scroll labelled EQAONLEBUI.
  2039 | D:3      | 2039 ||| DRINKING 2 emerald potions.
  2050 | Sewer    | Entered a sewer
  2119 | Sewer    | 2119 ||| Stepping ~*~*~tactically~*~*~ (water).
  2244 | Sewer    | 2244 ||| Stepping ~*~*~tactically~*~*~ (stealth).
  2327 | Sewer    | 2327 ||| Stepping ~*~*~tactically~*~*~ (stealth).
  2328 | Sewer    | 2328 ||| Stepping ~*~*~tactically~*~*~ (stealth).
  2331 | Sewer    | 2331 ||| Stepping ~*~*~tactically~*~*~ (stealth).
  2341 | Sewer    | 2341 ||| Stepping ~*~*~tactically~*~*~ (water).
  2347 | Sewer    | Reached skill level 6 in Axes
  2482 | Sewer    | Reached skill level 1 in Dodging
  2482 | Sewer    | Reached XP level 7. HP: 37/43 MP: 7/7
  2533 | Sewer    | 2533 ||| UPGRADING to +0 pair of gloves.
  2538 | Sewer    | 2538 ||| READING scroll of enchant armour.
  2538 | Sewer    | 2538 ||| ENCHANTING +0 pair of gloves.
  2539 | Sewer    | 2539 ||| READING scroll labelled ZIECIF XIPEUGOOS.
  2554 | D:3      | 2554 ||| PLANNING D:1-11
  2580 | D:3      | 2580 ||| Stepping ~*~*~tactically~*~*~ (stealth).
  2581 | D:3      | 2581 ||| Stepping ~*~*~tactically~*~*~ (stealth).
  2630 | D:3      | Found a basalt altar of Yredelemnul.
  2911 | D:3      | Noticed Terence
  2917 | D:3      | Killed Terence
  2922 | D:3      | 2922 ||| DROPPING +0 club.
  2928 | D:3      | Found a shimmering altar of Xom.
  3180 | D:3      | 3180 ||| Stepping ~*~*~tactically~*~*~ (stealth).
  3185 | D:3      | 3185 ||| Stepping ~*~*~tactically~*~*~ (stealth).
  3213 | D:3      | 3213 ||| READING scroll labelled LOETEALAFO.
  3214 | D:3      | 3214 ||| DRINKING 2 fuming blue potions.
  3214 | D:3      | Gained mutation: You occasionally lose the ability to drink
                  | potions when taking damage. [potion of mutation]
  3214 | D:3      | Gained mutation: You have large cloven feet. [potion of
                  | mutation]
  3214 | D:3      | Gained mutation: You are frail. (-10% HP) [potion of
                  | mutation]
  3214 | D:3      | Gained mutation: You are covered in fur. (AC +1) [potion of
                  | mutation]
  3215 | D:3      | 3215 ||| DRINKING potion of mutation.
  3215 | D:3      | Lost mutation: You are covered in fur. (AC +1) [potion of
                  | mutation]
  3215 | D:3      | Lost mutation: You are frail. (-10% HP) [potion of
                  | mutation]
  3215 | D:3      | Gained mutation: Your movements are slightly less
                  | encumbered by armour. (ER -2) [potion of mutation]
  3215 | D:3      | Gained mutation: You are strong-willed. (Will+) [potion of
                  | mutation]
  3250 | D:3      | 3250 ||| READING 2 scrolls of identify.
  3250 | D:3      | 3250 ||| IDENTIFYING ruby potion
  3301 | D:4      | Found Nofom's Magic Scroll Shoppe.
  3309 | D:4      | 3309 ||| SHOPLISTING 3 scrolls of blinking (315 gold, have
                  | 134).
  3309 | D:4      | 3309 ||| SHOPLISTING scroll of acquirement (728 gold, have
                  | 134).
  3309 | D:4      | 3309 ||| BUYING scroll of identify (28 gold).
  3309 | D:4      | Bought a scroll of identify for 28 gold pieces
  3309 | D:4      | 3309 ||| BUYING scroll of identify (28 gold).
  3309 | D:4      | Bought a scroll of identify for 28 gold pieces
  3309 | D:4      | 3309 ||| BUYING scroll of identify (28 gold).
  3309 | D:4      | Bought a scroll of identify for 28 gold pieces
  3309 | D:4      | 3309 ||| BUYING scroll of teleportation (42 gold).
  3309 | D:4      | Bought a scroll of teleportation for 42 gold pieces
  3868 | D:4      | Found a shimmering blue altar of Sif Muna.
  3877 | D:4      | Reached skill level 5 in Fighting
  3877 | D:4      | Reached XP level 8. HP: 44/49 MP: 8/8
  4046 | D:4      | 4046 ||| UPGRADING to +0 cloak.
  4051 | D:4      | 4051 ||| UPGRADING to +4 ring of slaying {mikee}.
  4052 | D:4      | 4052 ||| READING scroll labelled VINITE BIECHASCH.
  4053 | D:4      | 4053 ||| DRINKING 2 glowing amethyst potions.
  4054 | D:4      | 4054 ||| READING 4 scrolls of identify.
  4054 | D:4      | 4054 ||| IDENTIFYING lumpy pink potion
  4055 | D:4      | 4055 ||| READING 3 scrolls of identify.
  4055 | D:4      | 4055 ||| IDENTIFYING amethyst potion
  4056 | D:4      | 4056 ||| READING 2 scrolls of identify.
  4056 | D:4      | 4056 ||| IDENTIFYING clear potion
  4057 | D:4      | 4057 ||| DROPPING potion of brilliance.
  4058 | D:4      | 4058 ||| DROPPING potion of invisibility.
  4059 | D:4      | 4059 ||| DROPPING potion of flight.
  4076 | D:5      | Entered Level 5 of the Dungeon
  4249 | D:5      | Noticed Ijyb
  4250 | D:5      | 4250 ||| Stepping ~*~*~tactically~*~*~ (hiding).
  4259 | D:5      | Killed Ijyb
  4308 | D:5      | Found a staircase to the Ecumenical Temple.
  4309 | D:5      | 4309 ||| PLANNING TEMPLE
  4312 | Temple   | Entered the Ecumenical Temple
  4312 | Temple   | Found a transporter.
  4312 | Temple   | Found a transporter.
  4314 | Temple   | Found a transporter.
  4314 | Temple   | Found a transporter.
  4324 | Temple   | 4324 ||| PLANNING D:1-11
  4334 | Temple   | Became a worshipper of Warmaster Okawaru
  4525 | D:5      | Found Utiates's Armour Boutique.
  4528 | D:5      | 4528 ||| SHOPLISTING +0 plate armour of willpower (420
                  | gold, have 94).
  4528 | D:5      | 4528 ||| BUYING +0 tower shield (63 gold).
  4528 | D:5      | Bought a +0 tower shield for 63 gold pieces
  4528 | D:5      | 4528 ||| SHOPLISTING +2 pair of gloves (231 gold, have 31).
  4538 | D:5      | 4538 ||| Stepping ~*~*~tactically~*~*~ (hiding).
  4672 | D:5      | Found a broken altar of Ashenzari.
  4923 | D:5      | 4923 ||| UPGRADING to +2 hat.
  4928 | D:5      | 4928 ||| UPGRADING to +0 tower shield.
  4938 | D:5      | 4938 ||| DROPPING +0 buckler.
  4939 | D:5      | 4939 ||| READING 4 scrolls of identify.
  4939 | D:5      | 4939 ||| IDENTIFYING glowing cyan potion
  4940 | D:5      | 4940 ||| READING 3 scrolls of identify.
  4940 | D:5      | 4940 ||| IDENTIFYING pink potion
  4941 | D:5      | 4941 ||| DROPPING potion of degeneration.
  4942 | D:5      | 4942 ||| DROPPING potion of berserk rage.
  4955 | D:6      | 4955 ||| PLANNING OSSUARY
  5072 | D:6      | Found a sand-covered staircase.
  5078 | Ossuary  | Entered an ossuary
  5214 | Ossuary  | Identified the +1 trident "Qiemotol" {drain, Fly rN++ Will+
                  | rCorr Str-4}
  5225 | Ossuary  | 5225 ||| DRINKING 2 viscous cyan potions.
  5226 | Ossuary  | 5226 ||| READING 4 scrolls of identify.
  5226 | Ossuary  | 5226 ||| IDENTIFYING fuming dark potion
  5227 | Ossuary  | 5227 ||| READING 3 scrolls of identify.
  5227 | Ossuary  | 5227 ||| IDENTIFYING glowing puce potion
  5228 | Ossuary  | 5228 ||| DROPPING potion of ambrosia.
  5237 | D:6      | 5237 ||| PLANNING D:1-11
  5263 | D:6      | Reached * piety under Okawaru
  5264 | D:6      | Reached XP level 9. HP: 49/54 MP: 9/9
  5345 | D:6      | Reached skill level 6 in Shields
  5350 | D:6      | Reached skill level 1 in Invocations
  5467 | D:6      | 5467 ||| INVOKING Heroism.
  5513 | D:6      | Reached skill level 3 in Invocations
  5834 | D:6      | 5834 ||| Stepping ~*~*~tactically~*~*~ (stealth).
  5836 | D:6      | 5836 ||| INVOKING Heroism.
  6017 | D:6      | 6017 ||| READING scroll labelled ZUELUWNAULA.
  6095 | D:7      | Noticed Prince Ribbit
  6096 | D:7      | 6096 ||| INVOKING Heroism.
  6114 | D:7      | 6114 ||| INVOKING Heroism.
  6117 | D:7      | Killed Prince Ribbit
  6292 | D:7      | 6292 ||| Stepping ~*~*~tactically~*~*~ (stealth).
  6293 | D:7      | Reached ** piety under Okawaru
  6450 | D:7      | Noticed a troll
  6451 | D:7      | 6451 ||| INVOKING Heroism.
  6453 | D:7      | Killed a troll
  6636 | D:7      | 6636 ||| INVOKING Heroism.
  6638 | D:7      | 6638 ||| Stepping ~*~*~tactically~*~*~ (cloud).
  6646 | D:7      | Reached skill level 9 in Shields
  6831 | D:7      | 6831 ||| READING scroll labelled WEPAOTIL HIOWA.
  6854 | D:8      | 6854 ||| INVOKING Heroism.
  6894 | D:8      | Reached XP level 10. HP: 59/59 MP: 13/13
  6911 | D:8      | 6911 ||| INVOKING Heroism.
  7047 | D:8      | 7047 ||| Stepping ~*~*~tactically~*~*~ (stealth).
  7053 | D:8      | 7053 ||| INVOKING Heroism.
  7151 | D:8      | Noticed a brown ugly thing
  7159 | D:8      | Killed a brown ugly thing
  7159 | D:8      | Reached *** piety under Okawaru
  7318 | D:9      | Noticed a death yak
  7319 | D:9      | 7319 ||| INVOKING Heroism.
  7330 | D:9      | 7330 ||| INVOKING Heroism.
  7332 | D:9      | Killed a death yak
  7332 | D:9      | Noticed a death yak
  7335 | D:9      | Noticed a death yak
  7341 | D:9      | Reached skill level 6 in Fighting
  7348 | D:9      | Killed a death yak
  7348 | D:9      | Reached **** piety under Okawaru
  7350 | D:9      | 7350 ||| INVOKING Heroism.
  7351 | D:9      | Killed a death yak
  7352 | D:9      | Reached skill level 9 in Axes
  7539 | D:9      | Found a staircase to the Lair.
  7642 | D:9      | 7642 ||| INVOKING Heroism.
  7652 | D:9      | Reached XP level 11. HP: 45/64 MP: 12/15
  7660 | D:9      | 7660 ||| FLEEEEING.
  7661 | D:9      | 7661 ||| FLEEEEING.
  7662 | D:9      | 7662 ||| FLEEEEING.
  7663 | D:9      | 7663 ||| FLEEEEING.
  7664 | D:9      | 7664 ||| FLEEEEING.
  7665 | D:9      | 7665 ||| FLEEEEING.
  7666 | D:9      | 7666 ||| FLEEEEING.
  7667 | D:9      | 7667 ||| FLEEEEING.
  7668 | D:9      | 7668 ||| FLEEEEING.
  7669 | D:9      | 7669 ||| FLEEEEING.
  7670 | D:9      | 7670 ||| FLEEEEING.
  7671 | D:9      | 7671 ||| FLEEEEING.
  7672 | D:9      | 7672 ||| FLEEEEING.
  7673 | D:9      | 7673 ||| FLEEEEING.
  7674 | D:9      | 7674 ||| FLEEEEING.
  7675 | D:9      | 7675 ||| FLEEEEING.
  7676 | D:9      | 7676 ||| FLEEEEING.
  7677 | D:9      | 7677 ||| FLEEEEING.
  7678 | D:9      | 7678 ||| FLEEEEING.
  7679 | D:9      | 7679 ||| FLEEEEING.
  7680 | D:9      | 7680 ||| FLEEEEING.
  7681 | D:9      | 7681 ||| FLEEEEING.
  7682 | D:9      | 7682 ||| FLEEEEING.
  7683 | D:9      | 7683 ||| FLEEEEING.
  7684 | D:9      | 7684 ||| FLEEEEING.
  7685 | D:9      | 7685 ||| FLEEEEING.
  7686 | D:9      | 7686 ||| FLEEEEING.
  7687 | D:9      | 7687 ||| STAIRDANCE
  7877 | D:9      | 7877 ||| STAIRDANCE
  7947 | D:9      | 7947 ||| STAIRDANCE
  7984 | D:9      | Reached skill level 12 in Shields
  7984 | D:9      | Reached skill level 6 in Invocations
  7995 | D:9      | 7995 ||| INVOKING Heroism.
  8041 | D:9      | Found a burning altar of Makhleb.
  8245 | D:9      | Noticed a two-headed ogre
  8246 | D:9      | 8246 ||| INVOKING Heroism.
  8254 | D:9      | Killed a two-headed ogre
  8254 | D:9      | Reached ***** piety under Okawaru
  8255 | D:9      | Reached skill level 7 in Fighting
  8495 | D:9      | 8495 ||| PLANNING LAIR
  8495 | D:9      | 8495 ||| UPGRADING to +0 plate armour.
  8505 | D:9      | 8505 ||| DROPPING +0 chain mail.
  8506 | D:9      | 8506 ||| DROPPING +2 hat.
  8507 | D:9      | 8507 ||| DROPPING +1 hat.
  8539 | Lair:1   | Entered Level 1 of the Lair of Beasts
  8557 | Lair:1   | 8557 ||| INVOKING Heroism.
  8662 | Lair:1   | 8662 ||| Stepping ~*~*~tactically~*~*~ (stealth).
  8663 | Lair:1   | 8663 ||| Stepping ~*~*~tactically~*~*~ (stealth).
  8665 | Lair:1   | 8665 ||| INVOKING Heroism.
  8788 | Lair:1   | 8788 ||| Stepping ~*~*~tactically~*~*~ (stealth).
  8790 | Lair:1   | 8790 ||| Stepping ~*~*~tactically~*~*~ (stealth).
  8800 | Lair:1   | 8800 ||| Stepping ~*~*~tactically~*~*~ (stealth).
  8802 | Lair:1   | 8802 ||| INVOKING Heroism.
  8865 | Lair:1   | 8865 ||| INVOKING Heroism.
  8878 | Lair:1   | Identified the +6 broad axe "Arbiter" {flame, rElec rF++
                  | Will+} (Okawaru gifted it to you on level 1 of the Lair of
                  | Beasts)
  8878 | Lair:1   | Received a gift from Okawaru
  8879 | Lair:1   | Reached skill level 6 in Armour
  8908 | Lair:1   | 8908 ||| SWAPPING to +6 broad axe "Arbiter" {flame, rElec
                  | rF++ Will+}.
  8909 | Lair:1   | 8909 ||| DROPPING +3 broad axe "Nyomihed" {vorpal, Will+}.
  8910 | Lair:1   | 8910 ||| DROPPING +0 flail.
  8912 | Lair:1   | 8912 ||| INVOKING Heroism.
  8935 | Lair:1   | 8935 ||| Stepping ~*~*~tactically~*~*~ (stealth).
  8945 | Lair:1   | 8945 ||| Stepping ~*~*~tactically~*~*~ (stealth).
  8948 | Lair:1   | Noticed a boulder beetle
  8949 | Lair:1   | 8949 ||| INVOKING Heroism.
  8950 | Lair:1   | 8950 ||| INVOKING Finesse.
  8952 | Lair:1   | Reached skill level 9 in Invocations
  8954 | Lair:1   | 8954 ||| Stepping ~*~*~tactically~*~*~ (stealth).
  8968 | Lair:1   | Killed a boulder beetle
  8971 | Lair:1   | Reached XP level 12. HP: 58/72 MP: 11/19
  9991 | Lair:2   | 9991 ||| READING scroll of enchant armour.
  9991 | Lair:2   | 9991 ||| ENCHANTING +1 pair of gloves.
 10043 | Lair:2   | 10043 ||| Stepping ~*~*~tactically~*~*~ (hiding).
 10044 | Lair:2   | 10044 ||| Stepping ~*~*~tactically~*~*~ (stealth).
 10047 | Lair:2   | 10047 ||| INVOKING Heroism.
 10055 | Lair:2   | Identified the +5 battleaxe of Tioleg {vorpal, rElec rF+}
                  | (Okawaru gifted it to you on level 2 of the Lair of Beasts)
 10055 | Lair:2   | Received a gift from Okawaru
 10215 | Lair:2   | 10215 ||| Stepping ~*~*~tactically~*~*~ (stealth).
 10216 | Lair:2   | 10216 ||| INVOKING Heroism.
 10285 | Lair:2   | Found a shimmering altar of Xom.
 10291 | Lair:2   | 10291 ||| INVOKING Heroism.
 10296 | Lair:2   | Reached skill level 8 in Fighting
 10707 | Lair:3   | 10707 ||| Stepping ~*~*~tactically~*~*~ (stealth).
 10709 | Lair:3   | 10709 ||| INVOKING Heroism.
 10835 | Lair:3   | Noticed Josephine
 10836 | Lair:3   | 10836 ||| Stepping ~*~*~tactically~*~*~ (hiding).
 10844 | Lair:3   | 10844 ||| INVOKING Heroism.
 10846 | Lair:3   | Killed Josephine
 10847 | Lair:3   | Reached skill level 3 in Throwing
 10861 | Lair:3   | 10861 ||| Stepping ~*~*~tactically~*~*~ (stealth).
 10892 | Lair:3   | 10892 ||| Stepping ~*~*~tactically~*~*~ (stealth).
 10893 | Lair:3   | 10893 ||| Stepping ~*~*~tactically~*~*~ (stealth).
 10954 | Lair:3   | 10954 ||| INVOKING Heroism.
 10955 | Lair:3   | Received a gift from Okawaru
 10984 | Lair:3   | 10984 ||| DROPPING +1 vorpal broad axe.
 11120 | Lair:3   | 11120 ||| Stepping ~*~*~tactically~*~*~ (hiding).
 11124 | Lair:3   | 11124 ||| INVOKING Heroism.
 11262 | Lair:3   | 11262 ||| Stepping ~*~*~tactically~*~*~ (stealth).
 11264 | Lair:3   | Reached XP level 13. HP: 78/78 MP: 20/20
 11285 | Lair:3   | 11285 ||| Stepping ~*~*~tactically~*~*~ (stealth).
 11286 | Lair:3   | 11286 ||| Stepping ~*~*~tactically~*~*~ (stealth).
 11288 | Lair:3   | 11288 ||| Stepping ~*~*~tactically~*~*~ (stealth).
 11334 | Lair:3   | Found a staircase to the Snake Pit.
 11449 | Lair:3   | 11449 ||| Stepping ~*~*~tactically~*~*~ (stealth).
 11490 | Lair:3   | 11490 ||| INVOKING Heroism.
 11837 | Lair:3   | Found a staircase to the Shoals.
 11842 | Lair:3   | 11842 ||| INVOKING Heroism.
 11844 | Lair:3   | Reached skill level 9 in Fighting
 11945 | Lair:3   | 11945 ||| READING scroll labelled BAGOBOM GAFEME.
 12157 | Lair:4   | 12157 ||| Stepping ~*~*~tactically~*~*~ (hiding).
 12240 | Lair:4   | 12240 ||| Stepping ~*~*~tactically~*~*~ (stealth).
 12241 | Lair:4   | 12241 ||| INVOKING Heroism.
 12258 | Lair:4   | 12258 ||| INVOKING Finesse.
 12266 | Lair:4   | 12266 ||| INVOKING Heroism.
 12427 | Lair:4   | Found a runed translucent gate.
 12427 | Lair:4   | Found a runed translucent gate.
 12427 | Lair:4   | Found a runed translucent gate.
 12427 | Lair:4   | Noticed an acid blob
 12427 | Lair:4   | Noticed an azure jelly
 12427 | Lair:4   | Noticed an acid blob
 12427 | Lair:4   | Noticed an azure jelly
 12427 | Lair:4   | Noticed an acid blob
 12427 | Lair:4   | Noticed an acid blob
 12427 | Lair:4   | Noticed an azure jelly
 12428 | Lair:4   | Found a viscous altar of Jiyva.
 12428 | Lair:4   | Noticed an acid blob
 12428 | Lair:4   | Noticed qw's ghost (journeyman MiBe)
 12428 | Lair:4   | Noticed an acid blob
 12428 | Lair:4   | Noticed an acid blob
 12429 | Lair:4   | Noticed an acid blob
 12457 | Lair:4   | 12457 ||| Stepping ~*~*~tactically~*~*~ (stealth).
 12472 | Lair:4   | 12472 ||| Stepping ~*~*~tactically~*~*~ (stealth).
 12539 | Lair:4   | Noticed Sonja
 12540 | Lair:4   | 12540 ||| INVOKING Finesse.
 12555 | Lair:4   | 12555 ||| INVOKING Heroism.
 12558 | Lair:4   | Killed Sonja
 12714 | Lair:4   | 12714 ||| Stepping ~*~*~tactically~*~*~ (hiding).
 12957 | Lair:4   | 12957 ||| INVOKING Heroism.
 13149 | Lair:4   | 13149 ||| INVOKING Heroism.
 13151 | Lair:4   | 13151 ||| Stepping ~*~*~tactically~*~*~ (stealth).
 13239 | Lair:4   | Found a viscous altar of Jiyva.
 13241 | Lair:4   | 13241 ||| INVOKING Heroism.
 13242 | Lair:4   | Found a staircase to the Slime Pits.
 13863 | Lair:4   | 13863 ||| READING 11 scrolls of identify.
 13863 | Lair:4   | 13863 ||| IDENTIFYING sedimented red potion
 13877 | Lair:5   | Entered Level 5 of the Lair of Beasts
 13889 | Lair:5   | 13889 ||| INVOKING Heroism.
 13903 | Lair:5   | Received a gift from Okawaru
 13922 | Lair:5   | Received a gift from Okawaru
 13923 | Lair:5   | Reached skill level 12 in Axes
 14049 | Lair:5   | 14049 ||| Stepping ~*~*~tactically~*~*~ (stealth).
 14051 | Lair:5   | 14051 ||| Stepping ~*~*~tactically~*~*~ (hiding).
 14146 | Lair:5   | 14146 ||| INVOKING Heroism.
 14192 | Lair:5   | 14192 ||| INVOKING Heroism.
 14323 | Lair:5   | 14323 ||| INVOKING Heroism.
 14398 | Lair:5   | 14398 ||| INVOKING Heroism.
 14430 | Lair:5   | Reached skill level 9 in Armour
 14682 | Lair:5   | 14682 ||| Stepping ~*~*~tactically~*~*~ (stealth).
 14690 | Lair:5   | 14690 ||| Stepping ~*~*~tactically~*~*~ (stealth).
 14691 | Lair:5   | 14691 ||| Stepping ~*~*~tactically~*~*~ (stealth).
 14692 | Lair:5   | 14692 ||| Stepping ~*~*~tactically~*~*~ (stealth).
 14726 | Lair:5   | 14726 ||| Stepping ~*~*~tactically~*~*~ (stealth).
 14727 | Lair:5   | 14727 ||| INVOKING Heroism.
 14764 | Lair:5   | 14764 ||| INVOKING Heroism.
 14765 | Lair:5   | 14765 ||| INVOKING Finesse.
 14774 | Lair:5   | Gained mutation: Your large and strong wings let you fly.
                  | [Gargoyle growth]
 14774 | Lair:5   | Reached XP level 14. HP: 87/87 MP: 14/21
 14821 | Lair:5   | 14821 ||| INVOKING Heroism.
 14822 | Lair:5   | 14822 ||| INVOKING Finesse.
 14830 | Lair:5   | Reached skill level 10 in Fighting
 14842 | Lair:5   | Received a gift from Okawaru
 14849 | Lair:5   | 14849 ||| Stepping ~*~*~tactically~*~*~ (stealth).
 14887 | Lair:5   | 14887 ||| Stepping ~*~*~tactically~*~*~ (stealth).
 14888 | Lair:5   | 14888 ||| Stepping ~*~*~tactically~*~*~ (stealth).
 14890 | Lair:5   | 14890 ||| Stepping ~*~*~tactically~*~*~ (hiding).
 14923 | Lair:5   | Identified the ring of the Heron {rC+ Str+4 Int+3 Dex+6
                  | Stlth+}
 14929 | Lair:5   | Identified the +6 quarterstaff of Tapnoh {flame, rC- Int+4
                  | Dex+3}
 14958 | Lair:5   | Received a gift from Okawaru
 15055 | Lair:5   | 15055 ||| INVOKING Heroism.
 15186 | Lair:5   | 15186 ||| PLANNING D:1-11
 15186 | Lair:5   | 15186 ||| UPGRADING to +0 pair of boots.
 15191 | Lair:5   | 15191 ||| UPGRADING to ring of the Heron {rC+ Str+4 Int+3
                  | Dex+6 Stlth+}.
 15193 | Lair:5   | 15193 ||| DROPPING +6 ring of strength.
 15194 | Lair:5   | 15194 ||| DROPPING ring of resist corrosion.
 15348 | D:10     | Entered Level 10 of the Dungeon
 15353 | D:10     | 15353 ||| Stepping ~*~*~tactically~*~*~ (hiding).
 15359 | D:10     | 15359 ||| Stepping ~*~*~tactically~*~*~ (stealth).
 15462 | D:10     | 15462 ||| DRINKING potion of mutation.
 15462 | D:10     | Lost mutation: You occasionally lose the ability to drink
                  | potions when taking damage. [potion of mutation]
 15462 | D:10     | Lost mutation: You are strong-willed. (Will+) [potion of
                  | mutation]
 15462 | D:10     | Lost mutation: You have large cloven feet. [potion of
                  | mutation]
 15462 | D:10     | Gained mutation: You are strong-willed. (Will+) [potion of
                  | mutation]
 15462 | D:10     | Lost mutation: Your movements are slightly less encumbered
                  | by armour. (ER -2) [potion of mutation]
 15462 | D:10     | Gained mutation: You are somewhat resistant to further
                  | mutation. [potion of mutation]
 15476 | D:10     | 15476 ||| Stepping ~*~*~tactically~*~*~ (hiding).
 15480 | D:10     | 15480 ||| Stepping ~*~*~tactically~*~*~ (hiding).
 15484 | D:10     | 15484 ||| INVOKING Heroism.
 15544 | D:10     | Found a hide-covered altar of Uskayaw.
 15679 | D:10     | 15679 ||| Stepping ~*~*~tactically~*~*~ (stealth).
 15686 | D:10     | 15686 ||| Stepping ~*~*~tactically~*~*~ (stealth).
 15688 | D:10     | 15688 ||| Stepping ~*~*~tactically~*~*~ (stealth).
 15765 | D:10     | 15765 ||| Stepping ~*~*~tactically~*~*~ (stealth).
 15768 | D:10     | 15768 ||| INVOKING Heroism.
 15770 | D:10     | Received a gift from Okawaru
 15779 | D:10     | Reached skill level 3 in Dodging
 16124 | D:10     | Found an ancient bone altar of Kikubaaqudgha.
 16257 | D:10     | 16257 ||| READING scroll labelled WYNOXAN UZIW.
 16571 | D:11     | 16571 ||| Stepping ~*~*~tactically~*~*~ (stealth).
 16573 | D:11     | 16573 ||| Stepping ~*~*~tactically~*~*~ (stealth).
 16575 | D:11     | 16575 ||| Stepping ~*~*~tactically~*~*~ (stealth).
 16578 | D:11     | 16578 ||| INVOKING Heroism.
 16581 | D:11     | 16581 ||| Stepping ~*~*~tactically~*~*~ (stealth).
 16613 | D:11     | 16613 ||| Stepping ~*~*~tactically~*~*~ (stealth).
 16615 | D:11     | 16615 ||| Stepping ~*~*~tactically~*~*~ (stealth).
 16709 | D:11     | 16709 ||| FLEEEEING.
 16847 | D:11     | 16847 ||| INVOKING Heroism.
 16852 | D:11     | Reached skill level 15 in Shields
 16940 | D:11     | 16940 ||| Stepping ~*~*~tactically~*~*~ (stealth).
 17011 | D:11     | 17011 ||| READING scroll of enchant armour.
 17011 | D:11     | 17011 ||| ENCHANTING +0 pair of boots.
 17221 | D:11     | 17221 ||| INVOKING Heroism.
 17222 | D:11     | 17222 ||| INVOKING Finesse.
 17424 | D:11     | 17424 ||| PLANNING D
 17677 | D:12     | 17677 ||| INVOKING Heroism.
 17683 | D:12     | Received a gift from Okawaru
 17700 | D:12     | 17700 ||| DROPPING +1 vorpal broad axe.
 17708 | D:12     | 17708 ||| Stepping ~*~*~tactically~*~*~ (stealth).
 17710 | D:12     | 17710 ||| Stepping ~*~*~tactically~*~*~ (hiding).
 17922 | D:12     | Found Nomocuts's Book Emporium.
 18091 | D:12     | Found a staircase to the Orcish Mines.
 18100 | D:12     | 18100 ||| Stepping ~*~*~tactically~*~*~ (hiding).
 18107 | D:12     | 18107 ||| INVOKING Heroism.
 18411 | D:12     | 18411 ||| UPGRADING to scarf of resistance.
 18421 | D:12     | 18421 ||| DROPPING +6 ring of dexterity.
 18672 | D:13     | 18672 ||| INVOKING Heroism.
 18674 | D:13     | 18674 ||| Stepping ~*~*~tactically~*~*~ (stealth).
 18679 | D:13     | 18679 ||| Stepping ~*~*~tactically~*~*~ (stealth).
 18900 | D:13     | 18900 ||| INVOKING Heroism.
 18901 | D:13     | Noticed Kirke
 18901 | D:13     | 18901 ||| INVOKING Finesse.
 18915 | D:13     | Killed Kirke
 18962 | D:13     | 18962 ||| Stepping ~*~*~tactically~*~*~ (stealth).
 18968 | D:13     | 18968 ||| Stepping ~*~*~tactically~*~*~ (hiding).
 18973 | D:13     | 18973 ||| INVOKING Heroism.
 19287 | D:13     | 19287 ||| DROPPING +1 pair of gloves.
 19344 | D:14     | Noticed Nessos
 19345 | D:14     | 19345 ||| INVOKING Finesse.
 19355 | D:14     | 19355 ||| INVOKING Heroism.
 19357 | D:14     | Killed Nessos
 19537 | D:14     | Reached XP level 15. HP: 88/92 MP: 22/22
 19564 | D:14     | 19564 ||| Stepping ~*~*~tactically~*~*~ (hiding).
 19565 | D:14     | 19565 ||| Stepping ~*~*~tactically~*~*~ (hiding).
 19569 | D:14     | 19569 ||| Stepping ~*~*~tactically~*~*~ (hiding).
 19588 | D:14     | 19588 ||| INVOKING Heroism.
 19869 | D:14     | Reached skill level 11 in Fighting
 19943 | D:14     | Found a gate to the Vaults.
 19982 | D:14     | 19982 ||| Stepping ~*~*~tactically~*~*~ (hiding).
 19989 | D:14     | 19989 ||| INVOKING Heroism.
 19990 | D:14     | Received a gift from Okawaru
 20299 | D:14     | 20299 ||| Stepping ~*~*~tactically~*~*~ (hiding).
 20795 | D:15     | Entered Level 15 of the Dungeon
 20796 | D:15     | 20796 ||| STAIRDANCE
 20804 | D:15     | 20804 ||| STAIRDANCE
 20818 | D:15     | 20818 ||| Stepping ~*~*~tactically~*~*~ (hiding).
 20828 | D:15     | Found a shadowy altar of Dithmenos.
 20956 | D:15     | 20956 ||| FLEEEEING.
 20957 | D:15     | 20957 ||| FLEEEEING.
 20958 | D:15     | 20958 ||| FLEEEEING.
 20959 | D:15     | 20959 ||| FLEEEEING.
 20960 | D:15     | 20960 ||| FLEEEEING.
 20964 | D:15     | 20964 ||| FLEEEEING.
 20965 | D:15     | 20965 ||| FLEEEEING.
 20966 | D:15     | 20966 ||| FLEEEEING.
 20967 | D:15     | 20967 ||| STAIRDANCE
 21072 | D:15     | 21072 ||| STAIRDANCE
 21125 | D:15     | 21125 ||| STAIRDANCE
 21144 | D:15     | 21144 ||| STAIRDANCE
 21226 | D:15     | 21226 ||| STAIRDANCE
 21231 | D:15     | 21231 ||| Stepping randomly (disturbance).
 21386 | D:15     | 21386 ||| Stepping ~*~*~tactically~*~*~ (stealth).
 21388 | D:15     | 21388 ||| Stepping ~*~*~tactically~*~*~ (hiding).
 21389 | D:15     | 21389 ||| INVOKING Heroism.
 21391 | D:15     | 21391 ||| Stepping ~*~*~tactically~*~*~ (hiding).
 21392 | D:15     | 21392 ||| Stepping ~*~*~tactically~*~*~ (hiding).
 21393 | D:15     | 21393 ||| Stepping ~*~*~tactically~*~*~ (hiding).
 21422 | D:15     | Reached skill level 6 in Throwing
 21465 | D:15     | 21465 ||| INVOKING Heroism.
 21475 | D:15     | Identified the +6 plate armour "Galotiy" {rN+ Dex+6 Stlth+}
                  | (Okawaru gifted it to you on level 15 of the Dungeon)
 21475 | D:15     | Received a gift from Okawaru
 21501 | D:15     | 21501 ||| Stepping ~*~*~tactically~*~*~ (stealth).
 21502 | D:15     | 21502 ||| INVOKING Heroism.
 21526 | D:15     | 21526 ||| Stepping ~*~*~tactically~*~*~ (stealth).
 21527 | D:15     | Noticed Jorgrun
 21527 | D:15     | 21527 ||| Stepping ~*~*~tactically~*~*~ (stealth).
 21528 | D:15     | 21528 ||| INVOKING Finesse.
 21537 | D:15     | 21537 ||| Stepping ~*~*~tactically~*~*~ (stealth).
 21557 | D:15     | Killed Jorgrun
 21572 | D:15     | 21572 ||| Stepping ~*~*~tactically~*~*~ (stealth).
 21579 | D:15     | 21579 ||| Stepping ~*~*~tactically~*~*~ (stealth).
 21580 | D:15     | 21580 ||| INVOKING Heroism.
 21726 | D:15     | Found a staircase to the Depths.
 21765 | D:15     | Identified the +6 long sword "Rizxa" {flame, rCorr Dex-4
                  | SInv}
 21848 | D:15     | Found a portal to a secret trove of treasure.
 21933 | D:15     | 21933 ||| Stepping ~*~*~tactically~*~*~ (stealth).
 21942 | D:15     | Reached skill level 15 in Axes
 21945 | D:15     | 21945 ||| INVOKING Heroism.
 22249 | D:15     | 22249 ||| PLANNING ORC
 22249 | D:15     | 22249 ||| UPGRADING to +6 plate armour "Galotiy" {rN+ Dex+6
                  | Stlth+}.
 22259 | D:15     | 22259 ||| DROPPING +0 plate armour.
 22365 | Orc:1    | Entered Level 1 of the Orcish Mines
 22372 | Orc:1    | 22372 ||| Stepping ~*~*~tactically~*~*~ (stealth).
 22374 | Orc:1    | 22374 ||| Stepping ~*~*~tactically~*~*~ (hiding).
 22387 | Orc:1    | 22387 ||| Stepping ~*~*~tactically~*~*~ (stealth).
 22405 | Orc:1    | 22405 ||| Stepping ~*~*~tactically~*~*~ (stealth).
 22406 | Orc:1    | 22406 ||| Stepping ~*~*~tactically~*~*~ (stealth).
 22415 | Orc:1    | 22415 ||| Stepping ~*~*~tactically~*~*~ (hiding).
 22459 | Orc:1    | 22459 ||| Stepping ~*~*~tactically~*~*~ (stealth).
 22461 | Orc:1    | 22461 ||| Stepping ~*~*~tactically~*~*~ (stealth).
 22463 | Orc:1    | 22463 ||| Stepping ~*~*~tactically~*~*~ (hiding).
 22464 | Orc:1    | 22464 ||| Stepping ~*~*~tactically~*~*~ (hiding).
 22477 | Orc:1    | 22477 ||| Stepping ~*~*~tactically~*~*~ (hiding).
 22482 | Orc:1    | Noticed an orc warlord
 22483 | Orc:1    | 22483 ||| INVOKING Heroism.
 22484 | Orc:1    | 22484 ||| INVOKING Finesse.
 22488 | Orc:1    | 22488 ||| Stepping ~*~*~tactically~*~*~ (hiding).
 22498 | Orc:1    | Killed an orc warlord
 22876 | Orc:2    | Entered Level 2 of the Orcish Mines
 22933 | Orc:2    | 22933 ||| INVOKING Heroism.
 22998 | Orc:2    | 22998 ||| Stepping ~*~*~tactically~*~*~ (stealth).
 22999 | Orc:2    | 22999 ||| INVOKING Heroism.
 23061 | Orc:2    | Found a staircase to the Elven Halls.
 23069 | Orc:2    | 23069 ||| INVOKING Heroism.
 23074 | Orc:2    | Reached XP level 16. HP: 101/101 MP: 20/23
 23107 | Orc:2    | Identified the +8 chain mail of the Demon Prince {rF++}
                  | (Okawaru gifted it to you on level 2 of the Orcish Mines)
 23107 | Orc:2    | Received a gift from Okawaru
 23156 | Orc:2    | 23156 ||| READING scroll of enchant armour.
 23156 | Orc:2    | 23156 ||| ENCHANTING +1 pair of boots.
 23220 | Orc:2    | 23220 ||| Stepping ~*~*~tactically~*~*~ (stealth).
 23231 | Orc:2    | 23231 ||| Stepping ~*~*~tactically~*~*~ (stealth).
 23232 | Orc:2    | 23232 ||| Stepping ~*~*~tactically~*~*~ (stealth).
 23234 | Orc:2    | Reached skill level 12 in Fighting
 23237 | Orc:2    | 23237 ||| FLEEEEING.
 23238 | Orc:2    | 23238 ||| FLEEEEING.
 23239 | Orc:2    | 23239 ||| FLEEEEING.
 23240 | Orc:2    | 23240 ||| FLEEEEING.
 23241 | Orc:2    | 23241 ||| STAIRDANCE
 23306 | Orc:2    | 23306 ||| STAIRDANCE
 23308 | Orc:1    | 23308 ||| INVOKING Heroism.
 23317 | Orc:2    | 23317 ||| STAIRDANCE
 23322 | Orc:2    | 23322 ||| STAIRDANCE
 23339 | Orc:2    | 23339 ||| STAIRDANCE
 23358 | Orc:2    | 23358 ||| STAIRDANCE
 23414 | Orc:2    | 23414 ||| STAIRDANCE
 23491 | Orc:2    | 23491 ||| Stepping ~*~*~tactically~*~*~ (stealth).
 23493 | Orc:2    | Found Zimp's Magic Scroll Shop.
 23493 | Orc:2    | Found Huet's Armour Shop.
 23504 | Orc:2    | 23504 ||| Stepping ~*~*~tactically~*~*~ (stealth).
 23505 | Orc:2    | 23505 ||| Stepping ~*~*~tactically~*~*~ (stealth).
 23510 | Orc:2    | 23510 ||| FLEEEEING.
 23511 | Orc:2    | 23511 ||| FLEEEEING.
 23512 | Orc:2    | 23512 ||| FLEEEEING.
 23517 | Orc:2    | 23517 ||| FLEEEEING.
 23519 | Orc:2    | 23519 ||| FLEEEEING.
 23520 | Orc:2    | 23520 ||| FLEEEEING.
 23521 | Orc:2    | 23521 ||| FLEEEEING.
 23522 | Orc:2    | 23522 ||| FLEEEEING.
 23523 | Orc:2    | 23523 ||| FLEEEEING.
 23524 | Orc:2    | 23524 ||| STAIRDANCE
 23620 | Orc:2    | 23620 ||| STAIRDANCE
 23626 | Orc:2    | 23626 ||| INVOKING Heroism.
 23638 | Orc:2    | 23638 ||| Stepping ~*~*~tactically~*~*~ (stealth).
 23642 | Orc:2    | 23642 ||| Stepping ~*~*~tactically~*~*~ (stealth).
 23652 | Orc:2    | 23652 ||| Stepping ~*~*~tactically~*~*~ (stealth).
 23664 | Orc:2    | 23664 ||| Stepping ~*~*~tactically~*~*~ (stealth).
 23737 | Orc:2    | Found Fovar's Armour Emporium.
 23739 | Orc:2    | 23739 ||| BUYING scroll of teleportation (45 gold).
 23739 | Orc:2    | Bought a scroll of teleportation for 45 gold pieces
 23744 | Orc:2    | 23744 ||| BUYING +0 helmet of see invisible (161 gold).
 23744 | Orc:2    | Bought a +0 helmet of see invisible for 161 gold pieces
 23746 | Orc:2    | Found Umyrrura's Antique Armour Boutique.
 23755 | Orc:2    | 23755 ||| BUYING pair of jewelled gloves (294 gold).
 23755 | Orc:2    | Bought a pair of jewelled gloves for 294 gold pieces
 23755 | Orc:2    | Identified the -1 pair of gloves of Syndicalism {rPois
                  | Str+6} (You bought it in a shop on level 2 of the Orcish
                  | Mines)
 23929 | Orc:2    | 23929 ||| UPGRADING to +0 helmet of see invisible.
 23939 | Orc:2    | 23939 ||| DROPPING +2 hat.
 23940 | Orc:2    | 23940 ||| UPGRADING to -1 pair of gloves of Syndicalism
                  | {rPois Str+6}.
 23950 | Orc:2    | 23950 ||| DROPPING +2 pair of gloves.
 23991 | Orc:1    | 23991 ||| INVOKING Heroism.
 24033 | Orc:1    | 24033 ||| PLANNING SHOALS:1-3
 24301 | Shoals:1 | Entered Level 1 of the Shoals
 24304 | Shoals:1 | 24304 ||| Stepping ~*~*~tactically~*~*~ (hiding).
 24420 | Shoals:1 | 24420 ||| INVOKING Heroism.
 24620 | Shoals:1 | 24620 ||| INVOKING Heroism.
 24707 | Shoals:1 | 24707 ||| Stepping ~*~*~tactically~*~*~ (hiding).
 24708 | Shoals:1 | 24708 ||| Stepping ~*~*~tactically~*~*~ (hiding).
 24716 | Shoals:1 | Reached skill level 6 in Dodging
 24864 | Shoals:1 | 24864 ||| Stepping ~*~*~tactically~*~*~ (hiding).
 24865 | Shoals:1 | 24865 ||| INVOKING Heroism.
 25060 | Shoals:1 | Identified the +2 hand axe of Checks and Balances {drain,
                  | rCorr}
 25322 | Shoals:2 | 25322 ||| INVOKING Heroism.
 25443 | Shoals:2 | 25443 ||| INVOKING Heroism.
 25454 | Shoals:2 | Received a gift from Okawaru
 25488 | Shoals:2 | 25488 ||| Stepping ~*~*~tactically~*~*~ (hiding).
 25490 | Shoals:2 | 25490 ||| INVOKING Heroism.
 25521 | Shoals:2 | Found a runed translucent gate.
 25521 | Shoals:2 | Found a runed translucent gate.
 25521 | Shoals:2 | Found a runed translucent gate.
 25744 | Shoals:2 | Identified the +0 pair of boots of the Filigreed God
                  | {+Blink}
 25759 | Shoals:2 | 25759 ||| INVOKING Heroism.
 26274 | Shoals:2 | 26274 ||| DROPPING +0 pair of boots of the Filigreed God
                  | {+Blink}.
 26312 | Shoals:3 | 26312 ||| INVOKING Heroism.
 26620 | Shoals:3 | 26620 ||| INVOKING Heroism.
 26631 | Shoals:3 | HP: 21/101 [wind drake/the air (10)]
 26632 | Shoals:3 | 26632 ||| READING 13 scrolls of teleportation.
 26633 | Shoals:3 | 26633 ||| DRINKING 7 potions of heal wounds.
 26637 | Shoals:3 | 26637 ||| FLEEEEING.
 26638 | Shoals:3 | 26638 ||| FLEEEEING.
 26639 | Shoals:3 | 26639 ||| FLEEEEING.
 26641 | Shoals:3 | HP: 19/101 [water nymph/the raging water (18)]
 26642 | Shoals:3 | 26642 ||| READING 12 scrolls of teleportation.
 26643 | Shoals:3 | 26643 ||| DRINKING 6 potions of heal wounds.
 27009 | Shoals:3 | 27009 ||| Stepping ~*~*~tactically~*~*~ (hiding).
 27010 | Shoals:3 | 27010 ||| INVOKING Heroism.
 27012 | Shoals:3 | 27012 ||| Stepping ~*~*~tactically~*~*~ (hiding).
 27044 | Shoals:3 | Received a gift from Okawaru
 27048 | Shoals:3 | Noticed Donald
 27061 | Shoals:3 | 27061 ||| FLEEEEING.
 27062 | Shoals:3 | 27062 ||| FLEEEEING.
 27063 | Shoals:3 | 27063 ||| FLEEEEING.
 27064 | Shoals:3 | 27064 ||| FLEEEEING.
 27065 | Shoals:3 | 27065 ||| FLEEEEING.
 27068 | Shoals:3 | 27068 ||| FLEEEEING.
 27069 | Shoals:3 | 27069 ||| FLEEEEING.
 27070 | Shoals:3 | 27070 ||| FLEEEEING.
 27071 | Shoals:3 | 27071 ||| FLEEEEING.
 27072 | Shoals:3 | 27072 ||| FLEEEEING.
 27073 | Shoals:3 | 27073 ||| FLEEEEING.
 27074 | Shoals:3 | 27074 ||| FLEEEEING.
 27075 | Shoals:3 | 27075 ||| FLEEEEING.
 27092 | Shoals:3 | 27092 ||| FLEEEEING.
 27093 | Shoals:3 | 27093 ||| FLEEEEING.
 27094 | Shoals:3 | 27094 ||| FLEEEEING.
 27095 | Shoals:3 | 27095 ||| FLEEEEING.
 27118 | Shoals:3 | 27118 ||| INVOKING Heroism.
 27236 | Shoals:3 | 27236 ||| INVOKING Heroism.
 27241 | Shoals:3 | Reached XP level 17. HP: 95/106 MP: 21/24
 27297 | Shoals:3 | 27297 ||| READING scroll of enchant armour.
 27297 | Shoals:3 | 27297 ||| ENCHANTING +0 helmet of see invisible.
 27317 | Shoals:3 | 27317 ||| Stepping ~*~*~tactically~*~*~ (hiding).
 27318 | Shoals:3 | 27318 ||| Stepping ~*~*~tactically~*~*~ (hiding).
 27320 | Shoals:3 | 27320 ||| Stepping ~*~*~tactically~*~*~ (hiding).
 27356 | Shoals:3 | Received a gift from Okawaru
 27504 | Shoals:3 | 27504 ||| INVOKING Heroism.
 27791 | Shoals:3 | 27791 ||| INVOKING Heroism.
 27792 | Shoals:3 | 27792 ||| INVOKING Finesse.
 27796 | Shoals:3 | Killed Donald
 27864 | Shoals:3 | 27864 ||| PLANNING SNAKE:1-3
 27939 | Snake:1  | Entered Level 1 of the Snake Pit
 27944 | Snake:1  | 27944 ||| Stepping ~*~*~tactically~*~*~ (hiding).
 27950 | Snake:1  | 27950 ||| INVOKING Heroism.
 27958 | Snake:1  | 27958 ||| Stepping ~*~*~tactically~*~*~ (hiding).
 28479 | Snake:1  | 28479 ||| INVOKING Heroism.
 28493 | Snake:1  | Received a gift from Okawaru
 28979 | Snake:1  | 28979 ||| UPGRADING to amulet of regeneration.
 29052 | Snake:2  | 29052 ||| INVOKING Heroism.
 29064 | Snake:2  | Reached skill level 13 in Fighting
 29099 | Snake:2  | Reached ****** piety under Okawaru
 29135 | Snake:2  | 29135 ||| Stepping ~*~*~tactically~*~*~ (hiding).
 29139 | Snake:2  | 29139 ||| Stepping ~*~*~tactically~*~*~ (hiding).
 29150 | Snake:2  | 29150 ||| Stepping ~*~*~tactically~*~*~ (hiding).
 29354 | Snake:2  | 29354 ||| Stepping ~*~*~tactically~*~*~ (stealth).
 29358 | Snake:2  | 29358 ||| Stepping ~*~*~tactically~*~*~ (hiding).
 29744 | Snake:2  | Reached skill level 12 in Armour
 29813 | Snake:2  | 29813 ||| Stepping ~*~*~tactically~*~*~ (hiding).
 29821 | Snake:2  | 29821 ||| Stepping ~*~*~tactically~*~*~ (hiding).
 30015 | Snake:2  | 30015 ||| READING scroll labelled ITHAOLO ZIESOTT.
 30086 | Snake:3  | 30086 ||| INVOKING Heroism.
 30132 | Snake:3  | 30132 ||| INVOKING Heroism.
 30178 | Snake:3  | 30178 ||| Stepping ~*~*~tactically~*~*~ (stealth).
 30190 | Snake:3  | 30190 ||| Stepping ~*~*~tactically~*~*~ (stealth).
 30191 | Snake:3  | 30191 ||| Stepping ~*~*~tactically~*~*~ (stealth).
 30213 | Snake:3  | 30213 ||| INVOKING Heroism.
 30303 | Snake:3  | 30303 ||| INVOKING Heroism.
 30647 | Snake:3  | Received a gift from Okawaru
 30667 | Snake:3  | Identified the +3 scimitar of Aggayt {antimagic, Str+6
                  | Int+4 Dex+3}
 30668 | Snake:3  | 30668 ||| INVOKING Heroism.
 30684 | Snake:3  | 30684 ||| Stepping ~*~*~tactically~*~*~ (hiding).
 30699 | Snake:3  | 30699 ||| Stepping ~*~*~tactically~*~*~ (stealth).
 30835 | Snake:3  | 30835 ||| INVOKING Heroism.
 31214 | Snake:3  | 31214 ||| PLANNING SHOALS:4
 31394 | Shoals:4 | Entered Level 4 of the Shoals
 31397 | Shoals:4 | 31397 ||| INVOKING Heroism.
 31415 | Shoals:4 | 31415 ||| Stepping ~*~*~tactically~*~*~ (hiding).
 31428 | Shoals:4 | 31428 ||| Stepping ~*~*~tactically~*~*~ (stealth).
 31436 | Shoals:4 | 31436 ||| Stepping ~*~*~tactically~*~*~ (stealth).
 31455 | Shoals:4 | 31455 ||| INVOKING Heroism.
 31456 | Shoals:4 | 31456 ||| INVOKING Finesse.
 31467 | Shoals:4 | Reached XP level 18. HP: 100/114 MP: 18/25
 31494 | Shoals:4 | Reached skill level 18 in Axes
 31494 | Shoals:4 | HP: 22/114 [merfolk javelineer/silver javelin (8)]
 31495 | Shoals:4 | 31495 ||| READING 11 scrolls of teleportation.
 31496 | Shoals:4 | 31496 ||| DRINKING 6 potions of heal wounds.
 31497 | Shoals:4 | 31497 ||| DRINKING 5 potions of heal wounds.
 31642 | Shoals:4 | Identified the +3 hand axe of Unreason {drain, Fly Will++}
 31648 | Shoals:4 | 31648 ||| INVOKING Heroism.
 31729 | Shoals:4 | 31729 ||| INVOKING Heroism.
 31763 | Shoals:4 | 31763 ||| INVOKING Heroism.
 31764 | Shoals:4 | 31764 ||| INVOKING Finesse.
 31773 | Shoals:4 | Found Cuowothri's Antique Armour Boutique.
 31837 | Shoals:4 | Identified the +0 helmet of Fashionability {Will+} (Okawaru
                  | gifted it to you on level 4 of the Shoals)
 31837 | Shoals:4 | Received a gift from Okawaru
 31867 | Shoals:4 | 31867 ||| BUYING glowing cloak (225 gold).
 31867 | Shoals:4 | Bought a glowing cloak for 225 gold pieces
 31939 | Shoals:4 | Reached skill level 14 in Fighting
 31962 | Shoals:4 | 31962 ||| INVOKING Heroism.
 31984 | Shoals:4 | 31984 ||| INVOKING Finesse.
 32004 | Shoals:4 | Reached skill level 18 in Shields
 32022 | Shoals:4 | 32022 ||| Stepping ~*~*~tactically~*~*~ (hiding).
 32026 | Shoals:4 | 32026 ||| Stepping ~*~*~tactically~*~*~ (hiding).
 32081 | Shoals:4 | 32081 ||| Stepping ~*~*~tactically~*~*~ (stealth).
 32082 | Shoals:4 | 32082 ||| Stepping ~*~*~tactically~*~*~ (stealth).
 32083 | Shoals:4 | 32083 ||| Stepping ~*~*~tactically~*~*~ (stealth).
 32090 | Shoals:4 | Got a barnacled rune of Zot
 32194 | Shoals:4 | 32194 ||| INVOKING Heroism.
 32257 | Shoals:4 | Identified the +1 helmet of Fortitude {Int+6}
 32295 | Shoals:4 | 32295 ||| Stepping ~*~*~tactically~*~*~ (stealth).
 32296 | Shoals:4 | 32296 ||| Stepping ~*~*~tactically~*~*~ (stealth).
 32298 | Shoals:4 | 32298 ||| Stepping ~*~*~tactically~*~*~ (hiding).
 32556 | Shoals:4 | 32556 ||| INVOKING Heroism.
 32557 | Shoals:4 | 32557 ||| INVOKING Finesse.
 32598 | Shoals:4 | 32598 ||| PLANNING VAULTS:1-4
 32598 | Shoals:4 | 32598 ||| DROPPING +0 cloak.
 32599 | Shoals:4 | 32599 ||| UPGRADING to +1 cloak.
 32609 | Shoals:4 | 32609 ||| DROPPING +1 helmet of Fortitude {Int+6}.
 32610 | Shoals:4 | 32610 ||| DROPPING ring of protection from cold.
 32907 | Vaults:1 | Entered Level 1 of the Vaults
 32917 | Vaults:1 | Identified the ring "Wiolead" {Fly Int-5 Dex+4 SInv}
 32975 | Vaults:1 | 32975 ||| Stepping ~*~*~tactically~*~*~ (stealth).
 32989 | Vaults:1 | 32989 ||| INVOKING Heroism.
 33136 | Vaults:1 | 33136 ||| Stepping ~*~*~tactically~*~*~ (stealth).
 33137 | Vaults:1 | 33137 ||| Stepping ~*~*~tactically~*~*~ (stealth).
 33139 | Vaults:1 | 33139 ||| Stepping ~*~*~tactically~*~*~ (stealth).
 33141 | Vaults:1 | 33141 ||| INVOKING Finesse.
 33279 | Vaults:1 | 33279 ||| INVOKING Heroism.
 33347 | Vaults:1 | 33347 ||| Stepping ~*~*~tactically~*~*~ (hiding).
 33501 | Vaults:1 | 33501 ||| INVOKING Heroism.
 33503 | Vaults:1 | 33503 ||| Stepping ~*~*~tactically~*~*~ (hiding).
 33504 | Vaults:1 | 33504 ||| Stepping ~*~*~tactically~*~*~ (hiding).
 33509 | Vaults:1 | 33509 ||| INVOKING Finesse.
 33555 | Vaults:1 | 33555 ||| DRINKING 2 potions of experience.
 33555 | Vaults:1 | Reached skill level 9 in Throwing
 33555 | Vaults:1 | Reached XP level 19. HP: 121/121 MP: 26/26
 33556 | Vaults:1 | 33556 ||| DRINKING potion of experience.
 33556 | Vaults:1 | Reached XP level 20. HP: 127/127 MP: 27/27
 33593 | Vaults:1 | 33593 ||| Stepping ~*~*~tactically~*~*~ (hiding).
 33668 | Vaults:1 | Identified the +8 dagger of Triumph {vorpal, Int+3}
 33669 | Vaults:1 | You are sucked into a shaft and drop 1 floor!
 33771 | Vaults:2 | 33771 ||| INVOKING Heroism.
 33903 | Vaults:2 | 33903 ||| Stepping ~*~*~tactically~*~*~ (stealth).
 33904 | Vaults:2 | 33904 ||| Stepping ~*~*~tactically~*~*~ (stealth).
 33906 | Vaults:2 | 33906 ||| INVOKING Heroism.
 33918 | Vaults:2 | Reached skill level 15 in Fighting
 33969 | Vaults:1 | 33969 ||| Stepping ~*~*~tactically~*~*~ (hiding).
 33981 | Vaults:1 | 33981 ||| INVOKING Heroism.
 33988 | Vaults:1 | Reached XP level 21. HP: 123/134 MP: 26/28
 34007 | Vaults:1 | 34007 ||| Stepping ~*~*~tactically~*~*~ (stealth).
 34009 | Vaults:1 | 34009 ||| Stepping ~*~*~tactically~*~*~ (stealth).
 34011 | Vaults:1 | 34011 ||| Stepping ~*~*~tactically~*~*~ (stealth).
 34013 | Vaults:1 | 34013 ||| Stepping ~*~*~tactically~*~*~ (stealth).
 34015 | Vaults:1 | 34015 ||| Stepping ~*~*~tactically~*~*~ (stealth).
 34017 | Vaults:1 | 34017 ||| Stepping ~*~*~tactically~*~*~ (stealth).
 34019 | Vaults:1 | 34019 ||| Stepping ~*~*~tactically~*~*~ (stealth).
 34021 | Vaults:1 | 34021 ||| Stepping ~*~*~tactically~*~*~ (stealth).
 34023 | Vaults:1 | 34023 ||| Stepping ~*~*~tactically~*~*~ (stealth).
 34025 | Vaults:1 | 34025 ||| Stepping ~*~*~tactically~*~*~ (stealth).
 34027 | Vaults:1 | 34027 ||| Stepping ~*~*~tactically~*~*~ (stealth).
 34029 | Vaults:1 | 34029 ||| Stepping ~*~*~tactically~*~*~ (stealth).
 34031 | Vaults:1 | 34031 ||| Stepping ~*~*~tactically~*~*~ (stealth).
 34053 | Vaults:1 | 34053 ||| INVOKING Heroism.
 34061 | Vaults:1 | Identified the +4 buckler of Xisuebb {Str+2 SInv} (Okawaru
                  | gifted it to you on level 1 of the Vaults)
 34061 | Vaults:1 | Received a gift from Okawaru
 34089 | Vaults:1 | 34089 ||| Stepping ~*~*~tactically~*~*~ (stealth).
 34094 | Vaults:1 | 34094 ||| INVOKING Heroism.
 34147 | Vaults:1 | 34147 ||| Stepping ~*~*~tactically~*~*~ (hiding).
 34219 | Vaults:1 | Found Goseem's Weapon Shop.
 34255 | Vaults:1 | 34255 ||| Stepping ~*~*~tactically~*~*~ (stealth).
 34257 | Vaults:1 | 34257 ||| Stepping ~*~*~tactically~*~*~ (stealth).
 34259 | Vaults:1 | 34259 ||| Stepping ~*~*~tactically~*~*~ (stealth).
 34260 | Vaults:1 | 34260 ||| Stepping ~*~*~tactically~*~*~ (stealth).
 34261 | Vaults:1 | 34261 ||| Stepping ~*~*~tactically~*~*~ (stealth).
 34264 | Vaults:1 | 34264 ||| Stepping ~*~*~tactically~*~*~ (stealth).
 34265 | Vaults:1 | 34265 ||| INVOKING Heroism.
 34426 | Vaults:1 | Identified the +8 shortbow of Neurosis {speed, rN+ Will+
                  | Stlth+}
 34611 | Vaults:1 | 34611 ||| DROPPING ring of wizardry.
 34687 | Vaults:2 | 34687 ||| INVOKING Heroism.
 34704 | Vaults:2 | Reached skill level 15 in Armour
 34821 | Vaults:2 | Noticed Mara
 34823 | Vaults:2 | 34823 ||| INVOKING Heroism.
 34824 | Vaults:2 | 34824 ||| Stepping ~*~*~tactically~*~*~ (hiding).
 34829 | Vaults:2 | 34829 ||| INVOKING Finesse.
 34841 | Vaults:2 | 34841 ||| Stepping ~*~*~tactically~*~*~ (hiding).
 34852 | Vaults:2 | Killed Mara
 34897 | Vaults:2 | 34897 ||| Stepping ~*~*~tactically~*~*~ (stealth).
 34898 | Vaults:2 | 34898 ||| Stepping ~*~*~tactically~*~*~ (stealth).
 35076 | Vaults:2 | 35076 ||| INVOKING Heroism.
 35090 | Vaults:2 | Reached skill level 16 in Fighting
 35123 | Vaults:2 | Noticed Zenata
 35124 | Vaults:2 | 35124 ||| INVOKING Heroism.
 35125 | Vaults:2 | 35125 ||| INVOKING Finesse.
 35144 | Vaults:2 | Killed Zenata
 35148 | Vaults:2 | Received a gift from Okawaru
 35177 | Vaults:2 | 35177 ||| READING scroll of enchant armour.
 35177 | Vaults:2 | 35177 ||| ENCHANTING +1 helmet of see invisible.
 35219 | Vaults:2 | 35219 ||| Stepping ~*~*~tactically~*~*~ (hiding).
 35231 | Vaults:2 | 35231 ||| INVOKING Heroism.
 35249 | Vaults:2 | Received a gift from Okawaru
 35372 | Vaults:2 | 35372 ||| INVOKING Heroism.
 35534 | Vaults:2 | Found Cucejic's Book Shoppe.
 35596 | Vaults:2 | 35596 ||| Stepping ~*~*~tactically~*~*~ (hiding).
 35782 | Vaults:2 | 35782 ||| DROPPING +0 helmet of Fashionability {Will+}.
 35819 | Vaults:3 | 35819 ||| Stepping ~*~*~tactically~*~*~ (hiding).
 35822 | Vaults:3 | 35822 ||| INVOKING Heroism.
 35829 | Vaults:3 | Reached skill level 9 in Dodging
 35830 | Vaults:3 | 35830 ||| Stepping ~*~*~tactically~*~*~ (hiding).
 36018 | Vaults:3 | 36018 ||| INVOKING Heroism.
 36052 | Vaults:3 | 36052 ||| Stepping ~*~*~tactically~*~*~ (stealth).
 36074 | Vaults:3 | Found a staircase to the Crypt.
 36074 | Vaults:3 | Found a basalt altar of Yredelemnul.
 36075 | Vaults:3 | Found an ancient bone altar of Kikubaaqudgha.
 36140 | Vaults:3 | 36140 ||| INVOKING Heroism.
 36236 | Vaults:3 | 36236 ||| INVOKING Heroism.
 36254 | Vaults:3 | Identified the +1 scale mail "Wuotoif" {rF+} (Okawaru
                  | gifted it to you on level 3 of the Vaults)
 36254 | Vaults:3 | Received a gift from Okawaru
 36267 | Vaults:3 | 36267 ||| Stepping ~*~*~tactically~*~*~ (hiding).
 36344 | Vaults:3 | 36344 ||| Stepping ~*~*~tactically~*~*~ (hiding).
 36349 | Vaults:3 | Reached XP level 22. HP: 144/144 MP: 29/29
 36349 | Vaults:3 | 36349 ||| Stepping ~*~*~tactically~*~*~ (hiding).
 36355 | Vaults:3 | 36355 ||| INVOKING Heroism.
 36370 | Vaults:3 | Reached skill level 17 in Fighting
 36520 | Vaults:3 | 36520 ||| INVOKING Finesse.
 36522 | Vaults:3 | 36522 ||| INVOKING Heroism.
 36693 | Vaults:3 | Identified the +10 flail of Ymyrhusa {vamp, rF- Str+2 Dex+6
                  | SInv}
 36919 | Vaults:4 | 36919 ||| INVOKING Heroism.
 36963 | Vaults:4 | 36963 ||| INVOKING Heroism.
 36968 | Vaults:4 | Noticed Boris
 36968 | Vaults:4 | 36968 ||| INVOKING Finesse.
 36977 | Vaults:4 | Killed Boris
 36989 | Vaults:4 | 36989 ||| Stepping ~*~*~tactically~*~*~ (hiding).
 36990 | Vaults:4 | 36990 ||| Stepping ~*~*~tactically~*~*~ (hiding).
 37102 | Vaults:4 | 37102 ||| Stepping ~*~*~tactically~*~*~ (hiding).
 37103 | Vaults:4 | 37103 ||| Stepping ~*~*~tactically~*~*~ (hiding).
 37104 | Vaults:4 | 37104 ||| Stepping ~*~*~tactically~*~*~ (hiding).
 37134 | Vaults:4 | 37134 ||| Stepping ~*~*~tactically~*~*~ (stealth).
 37147 | Vaults:4 | 37147 ||| Stepping ~*~*~tactically~*~*~ (hiding).
 37148 | Vaults:4 | 37148 ||| Stepping ~*~*~tactically~*~*~ (hiding).
 37149 | Vaults:4 | 37149 ||| Stepping ~*~*~tactically~*~*~ (hiding).
 37150 | Vaults:4 | 37150 ||| Stepping ~*~*~tactically~*~*~ (hiding).
 37152 | Vaults:4 | 37152 ||| Stepping ~*~*~tactically~*~*~ (hiding).
 37203 | Vaults:4 | 37203 ||| Stepping ~*~*~tactically~*~*~ (hiding).
 37372 | Vaults:4 | 37372 ||| READING 13 scrolls of teleportation.
 37402 | Vaults:4 | 37402 ||| READING 12 scrolls of teleportation.
 37403 | Vaults:4 | 37403 ||| FLEEEEING.
 37409 | Vaults:4 | 37409 ||| READING scroll of enchant armour.
 37409 | Vaults:4 | 37409 ||| ENCHANTING +1 cloak.
 37523 | Vaults:4 | 37523 ||| Stepping ~*~*~tactically~*~*~ (stealth).
 37549 | Vaults:4 | 37549 ||| Stepping ~*~*~tactically~*~*~ (stealth).
 37561 | Vaults:4 | 37561 ||| INVOKING Heroism.
 37629 | Vaults:4 | 37629 ||| Stepping ~*~*~tactically~*~*~ (stealth).
 37662 | Vaults:4 | 37662 ||| Stepping ~*~*~tactically~*~*~ (stealth).
 37663 | Vaults:4 | 37663 ||| Stepping ~*~*~tactically~*~*~ (stealth).
 37665 | Vaults:4 | 37665 ||| INVOKING Heroism.
 37680 | Vaults:4 | Reached skill level 18 in Fighting
 38001 | Vaults:4 | 38001 ||| INVOKING Heroism.
 38002 | Vaults:4 | 38002 ||| INVOKING Finesse.
 38048 | Vaults:4 | Identified the +11 flail of the Eternal Void {protect,
                  | Dex+4}
 38053 | Vaults:4 | 38053 ||| PLANNING SNAKE:4
 38466 | Snake:4  | Entered Level 4 of the Snake Pit
 38467 | Snake:4  | 38467 ||| STAIRDANCE
 38473 | Snake:4  | 38473 ||| STAIRDANCE
 38481 | Snake:4  | 38481 ||| INVOKING Heroism.
 38577 | Snake:4  | 38577 ||| Stepping ~*~*~tactically~*~*~ (stealth).
 38578 | Snake:4  | 38578 ||| Stepping ~*~*~tactically~*~*~ (stealth).
 38614 | Snake:4  | 38614 ||| Stepping ~*~*~tactically~*~*~ (hiding).
 38615 | Snake:4  | 38615 ||| Stepping ~*~*~tactically~*~*~ (hiding).
 38616 | Snake:4  | 38616 ||| Stepping ~*~*~tactically~*~*~ (hiding).
 38619 | Snake:4  | 38619 ||| Stepping ~*~*~tactically~*~*~ (hiding).
 38620 | Snake:4  | 38620 ||| Stepping ~*~*~tactically~*~*~ (hiding).
 38730 | Snake:4  | 38730 ||| INVOKING Heroism.
 38798 | Snake:4  | 38798 ||| FLEEEEING.
 38799 | Snake:4  | 38799 ||| FLEEEEING.
 38800 | Snake:4  | 38800 ||| FLEEEEING.
 38801 | Snake:4  | 38801 ||| FLEEEEING.
 38802 | Snake:4  | 38802 ||| FLEEEEING.
 38803 | Snake:4  | 38803 ||| FLEEEEING.
 38804 | Snake:4  | 38804 ||| FLEEEEING.
 38805 | Snake:4  | 38805 ||| FLEEEEING.
 38806 | Snake:4  | 38806 ||| FLEEEEING.
 38807 | Snake:4  | 38807 ||| FLEEEEING.
 38808 | Snake:4  | 38808 ||| FLEEEEING.
 38809 | Snake:4  | 38809 ||| FLEEEEING.
 38810 | Snake:4  | 38810 ||| FLEEEEING.
 38811 | Snake:4  | 38811 ||| FLEEEEING.
 38812 | Snake:4  | 38812 ||| FLEEEEING.
 38813 | Snake:4  | 38813 ||| FLEEEEING.
 38814 | Snake:4  | 38814 ||| FLEEEEING.
 38815 | Snake:4  | 38815 ||| FLEEEEING.
 38816 | Snake:4  | 38816 ||| FLEEEEING.
 38817 | Snake:4  | 38817 ||| FLEEEEING.
 38818 | Snake:4  | 38818 ||| FLEEEEING.
 38819 | Snake:4  | 38819 ||| FLEEEEING.
 38820 | Snake:4  | 38820 ||| STAIRDANCE
 38922 | Snake:3  | 38922 ||| DROPPING +2 pair of boots of flying.
 38930 | Snake:4  | Received a gift from Okawaru
 39161 | Snake:4  | 39161 ||| INVOKING Heroism.
 39240 | Snake:4  | 39240 ||| Stepping ~*~*~tactically~*~*~ (stealth).
 39242 | Snake:4  | 39242 ||| Stepping ~*~*~tactically~*~*~ (hiding).
 39299 | Snake:4  | 39299 ||| Stepping ~*~*~tactically~*~*~ (hiding).
 39355 | Snake:4  | 39355 ||| INVOKING Heroism.
 39363 | Snake:4  | Identified the +1 kite shield "Ygoitti" {rC+ Int+3}
                  | (Okawaru gifted it to you on level 4 of the Snake Pit)
 39363 | Snake:4  | Received a gift from Okawaru
 39400 | Snake:4  | 39400 ||| Stepping ~*~*~tactically~*~*~ (stealth).
 39401 | Snake:4  | 39401 ||| Stepping ~*~*~tactically~*~*~ (stealth).
 39407 | Snake:4  | Noticed Vashnia
 39420 | Snake:4  | Killed Vashnia
 39421 | Snake:4  | 39421 ||| Stepping ~*~*~tactically~*~*~ (hiding).
 39444 | Snake:4  | 39444 ||| INVOKING Heroism.
 39530 | Snake:4  | Got a serpentine rune of Zot
 39609 | Snake:4  | Reached XP level 23. HP: 152/152 MP: 30/30
 39706 | Snake:4  | 39706 ||| PLANNING DEPTHS
 39706 | Snake:4  | 39706 ||| DROPPING +2 hat.
 40026 | Depths:1 | Entered Level 1 of the Depths
 40029 | Depths:1 | 40029 ||| Stepping ~*~*~tactically~*~*~ (stealth).
 40035 | Depths:1 | 40035 ||| INVOKING Heroism.
 40129 | Depths:1 | Reached skill level 18 in Armour
 40149 | Depths:1 | 40149 ||| Stepping ~*~*~tactically~*~*~ (stealth).
 40180 | Depths:1 | 40180 ||| Stepping ~*~*~tactically~*~*~ (stealth).
 40181 | Depths:1 | 40181 ||| Stepping ~*~*~tactically~*~*~ (stealth).
 40188 | Depths:1 | Found a one-way gate leading to the halls of Pandemonium.
 40189 | Depths:1 | 40189 ||| Stepping ~*~*~tactically~*~*~ (hiding).
 40232 | Depths:1 | 40232 ||| Stepping ~*~*~tactically~*~*~ (stealth).
 40236 | Depths:1 | 40236 ||| Stepping ~*~*~tactically~*~*~ (stealth).
 40237 | Depths:1 | 40237 ||| Stepping ~*~*~tactically~*~*~ (stealth).
 40238 | Depths:1 | 40238 ||| INVOKING Heroism.
 40242 | Depths:1 | 40242 ||| Stepping ~*~*~tactically~*~*~ (hiding).
 40243 | Depths:1 | 40243 ||| Stepping ~*~*~tactically~*~*~ (hiding).
 40312 | Depths:1 | Found a gateway to Hell.
 40373 | Depths:1 | 40373 ||| Stepping ~*~*~tactically~*~*~ (hiding).
 40375 | Depths:1 | 40375 ||| Stepping ~*~*~tactically~*~*~ (stealth).
 40376 | Depths:1 | 40376 ||| Stepping ~*~*~tactically~*~*~ (stealth).
 40377 | Depths:1 | 40377 ||| Stepping ~*~*~tactically~*~*~ (stealth).
 40380 | Depths:1 | 40380 ||| INVOKING Heroism.
 40390 | Depths:1 | 40390 ||| Stepping ~*~*~tactically~*~*~ (stealth).
 40443 | Depths:1 | 40443 ||| Stepping ~*~*~tactically~*~*~ (stealth).
 40445 | Depths:1 | 40445 ||| INVOKING Heroism.
 40471 | Depths:1 | Found a glowing silver altar of Zin.
 40471 | Depths:1 | Found a runed translucent door.
 40526 | Depths:1 | 40526 ||| INVOKING Heroism.
 40527 | Depths:1 | 40527 ||| Stepping ~*~*~tactically~*~*~ (stealth).
 40528 | Depths:1 | 40528 ||| INVOKING Finesse.
 40542 | Depths:1 | Reached skill level 19 in Fighting
 40629 | Depths:1 | 40629 ||| Stepping ~*~*~tactically~*~*~ (hiding).
 40631 | Depths:1 | 40631 ||| Stepping ~*~*~tactically~*~*~ (hiding).
 40910 | Depths:1 | 40910 ||| Stepping ~*~*~tactically~*~*~ (stealth).
 40911 | Depths:1 | 40911 ||| Stepping ~*~*~tactically~*~*~ (stealth).
 40913 | Depths:1 | 40913 ||| Stepping ~*~*~tactically~*~*~ (hiding).
 41107 | Depths:1 | 41107 ||| DROPPING +4 ring of protection.
 41144 | Depths:2 | Found a huge runed gate.
 41144 | Depths:2 | Found a huge runed gate.
 41144 | Depths:2 | Found a huge runed gate.
 41144 | Depths:2 | Found a huge runed gate.
 41144 | Depths:2 | Found a huge runed gate.
 41144 | Depths:2 | Found a huge runed gate.
 41144 | Depths:2 | Found a huge runed gate.
 41144 | Depths:2 | Found a huge runed gate.
 41144 | Depths:2 | Found a huge runed gate.
 41144 | Depths:2 | Found a huge runed gate.
 41148 | Depths:2 | Found a huge runed gate.
 41148 | Depths:2 | Found a huge runed gate.
 41148 | Depths:2 | Found a huge runed gate.
 41148 | Depths:2 | Found a huge runed gate.
 41148 | Depths:2 | Found a huge runed gate.
 41148 | Depths:2 | Found a huge runed gate.
 41149 | Depths:2 | Found a huge runed gate.
 41169 | Depths:2 | Found Hoeluuq's General Store.
 41212 | Depths:2 | Found a huge runed gate.
 41212 | Depths:2 | Found a huge runed gate.
 41212 | Depths:2 | Found a huge runed gate.
 41212 | Depths:2 | Found a huge runed gate.
 41213 | Depths:2 | Found a huge runed gate.
 41213 | Depths:2 | Found a huge runed gate.
 41214 | Depths:2 | Found a huge runed gate.
 41215 | Depths:2 | Found a huge runed gate.
 41216 | Depths:2 | Found a huge runed gate.
 41217 | Depths:2 | Found a huge runed gate.
 41218 | Depths:2 | Found a huge runed gate.
 41226 | Depths:2 | Found a huge runed gate.
 41226 | Depths:2 | Found a huge runed gate.
 41226 | Depths:2 | Found a huge runed gate.
 41226 | Depths:2 | Found a huge runed gate.
 41226 | Depths:2 | Found a huge runed gate.
 41226 | Depths:2 | Found a huge runed gate.
 41227 | Depths:2 | Found a huge runed gate.
 41228 | Depths:2 | Found a huge runed gate.
 41263 | Depths:2 | Found a one-way gateway to a ziggurat.
 41269 | Depths:2 | 41269 ||| ZAPPING wand of digging (9).
 41328 | Depths:2 | 41328 ||| INVOKING Heroism.
 41345 | Depths:2 | Received a gift from Okawaru
 41446 | Depths:2 | 41446 ||| INVOKING Heroism.
 41454 | Depths:2 | 41454 ||| INVOKING Finesse.
 41671 | Depths:2 | 41671 ||| Stepping ~*~*~tactically~*~*~ (hiding).
 41674 | Depths:2 | 41674 ||| INVOKING Heroism.
 41708 | Depths:2 | 41708 ||| Stepping ~*~*~tactically~*~*~ (stealth).
 41743 | Depths:2 | Found a one-way gate to the infinite horrors of the Abyss.
 41747 | Depths:2 | Noticed Louise
 41748 | Depths:2 | 41748 ||| Stepping ~*~*~tactically~*~*~ (hiding).
 41760 | Depths:2 | Killed Louise
 41774 | Depths:2 | 41774 ||| Stepping ~*~*~tactically~*~*~ (stealth).
 41867 | Depths:2 | Noticed Asterion
 41868 | Depths:2 | 41868 ||| Stepping ~*~*~tactically~*~*~ (hiding).
 41871 | Depths:2 | 41871 ||| INVOKING Heroism.
 41872 | Depths:2 | 41872 ||| INVOKING Finesse.
 41883 | Depths:2 | Killed Asterion
 41942 | Depths:2 | 41942 ||| INVOKING Heroism.
 41943 | Depths:2 | 41943 ||| INVOKING Finesse.
 41953 | Depths:2 | Received a gift from Okawaru
 42016 | Depths:2 | 42016 ||| INVOKING Heroism.
 42017 | Depths:2 | 42017 ||| INVOKING Finesse.
 42031 | Depths:2 | Received a gift from Okawaru
 42067 | Depths:2 | Identified the amulet of the Sun {Spirit rElec Str+3 Int-3
                  | Dex+6}
 42088 | Depths:2 | 42088 ||| Stepping ~*~*~tactically~*~*~ (stealth).
 42090 | Depths:2 | 42090 ||| Stepping ~*~*~tactically~*~*~ (hiding).
 42097 | Depths:2 | 42097 ||| INVOKING Heroism.
 42105 | Depths:2 | 42105 ||| INVOKING Finesse.
 42419 | Depths:3 | 42419 ||| INVOKING Heroism.
 42449 | Depths:3 | Found a blossoming altar of Fedhas.
 42523 | Depths:3 | 42523 ||| INVOKING Heroism.
 42581 | Depths:3 | 42581 ||| FLEEEEING.
 42582 | Depths:3 | 42582 ||| FLEEEEING.
 42587 | Depths:3 | 42587 ||| FLEEEEING.
 42590 | Depths:3 | 42590 ||| STAIRDANCE
 42707 | Depths:3 | 42707 ||| Stepping ~*~*~tactically~*~*~ (stealth).
 42829 | Depths:3 | 42829 ||| INVOKING Heroism.
 42867 | Depths:3 | Noticed a golden dragon
 42868 | Depths:3 | 42868 ||| INVOKING Finesse.
 42878 | Depths:3 | Killed a golden dragon
 42879 | Depths:3 | 42879 ||| INVOKING Heroism.
 42901 | Depths:3 | 42901 ||| INVOKING Finesse.
 42950 | Depths:3 | 42950 ||| Stepping ~*~*~tactically~*~*~ (hiding).
 42961 | Depths:3 | 42961 ||| INVOKING Heroism.
 43011 | Depths:3 | Reached skill level 20 in Fighting
 43039 | Depths:3 | 43039 ||| INVOKING Heroism.
 43050 | Depths:3 | Reached XP level 24. HP: 157/163 MP: 30/30
 43173 | Depths:3 | 43173 ||| INVOKING Heroism.
 43252 | Depths:3 | Noticed a caustic shrike
 43253 | Depths:3 | 43253 ||| INVOKING Heroism.
 43254 | Depths:3 | 43254 ||| INVOKING Finesse.
 43261 | Depths:3 | Killed a caustic shrike
 43261 | Depths:3 | Identified the +1 war axe of the Battered Brambles {vorpal,
                  | rPois rC- MP+9 Str-3} (Okawaru gifted it to you on level 3
                  | of the Depths)
 43261 | Depths:3 | Received a gift from Okawaru
 43407 | Depths:3 | 43407 ||| Stepping ~*~*~tactically~*~*~ (hiding).
 43613 | Depths:3 | 43613 ||| Stepping ~*~*~tactically~*~*~ (hiding).
 43617 | Depths:3 | 43617 ||| INVOKING Heroism.
 43817 | Depths:3 | Noticed a caustic shrike
 43818 | Depths:3 | 43818 ||| INVOKING Heroism.
 43819 | Depths:3 | 43819 ||| INVOKING Finesse.
 43824 | Depths:3 | Killed a caustic shrike
 43919 | Depths:3 | 43919 ||| UPGRADING to amulet of reflection.
 43929 | Depths:3 | 43929 ||| DROPPING amulet of regeneration.
 43984 | Depths:4 | Entered Level 4 of the Depths
 43985 | Depths:4 | 43985 ||| Stepping ~*~*~tactically~*~*~ (hiding).
 44019 | Depths:4 | 44019 ||| INVOKING Heroism.
 44052 | Depths:4 | Reached skill level 21 in Shields
 44108 | Depths:4 | 44108 ||| FLEEEEING.
 44109 | Depths:4 | 44109 ||| FLEEEEING.
 44110 | Depths:4 | 44110 ||| FLEEEEING.
 44111 | Depths:4 | 44111 ||| FLEEEEING.
 44112 | Depths:4 | 44112 ||| FLEEEEING.
 44113 | Depths:4 | 44113 ||| FLEEEEING.
 44114 | Depths:4 | 44114 ||| FLEEEEING.
 44115 | Depths:4 | 44115 ||| FLEEEEING.
 44116 | Depths:4 | 44116 ||| FLEEEEING.
 44117 | Depths:4 | 44117 ||| Stepping ~*~*~tactically~*~*~ (hiding).
 44123 | Depths:4 | 44123 ||| STAIRDANCE
 44233 | Depths:4 | 44233 ||| Stepping ~*~*~tactically~*~*~ (hiding).
 44234 | Depths:4 | 44234 ||| Stepping ~*~*~tactically~*~*~ (hiding).
 44422 | Depths:4 | 44422 ||| Stepping ~*~*~tactically~*~*~ (hiding).
 44444 | Depths:4 | 44444 ||| Stepping ~*~*~tactically~*~*~ (hiding).
 44484 | Depths:4 | 44484 ||| Stepping ~*~*~tactically~*~*~ (hiding).
 44533 | Depths:4 | 44533 ||| Stepping ~*~*~tactically~*~*~ (stealth).
 44542 | Depths:4 | 44542 ||| Stepping ~*~*~tactically~*~*~ (stealth).
 44611 | Depths:4 | 44611 ||| INVOKING Heroism.
 44613 | Depths:4 | 44613 ||| INVOKING Finesse.
 44653 | Depths:4 | 44653 ||| Stepping ~*~*~tactically~*~*~ (hiding).
 44656 | Depths:4 | 44656 ||| Stepping ~*~*~tactically~*~*~ (hiding).
 44698 | Depths:4 | 44698 ||| Stepping ~*~*~tactically~*~*~ (stealth).
 44791 | Depths:4 | 44791 ||| Stepping ~*~*~tactically~*~*~ (stealth).
 44802 | Depths:4 | 44802 ||| Stepping ~*~*~tactically~*~*~ (hiding).
 44808 | Depths:4 | 44808 ||| INVOKING Heroism.
 44868 | Depths:4 | Found a gate to the Realm of Zot.
 44928 | Depths:4 | 44928 ||| Stepping ~*~*~tactically~*~*~ (stealth).
 44930 | Depths:4 | 44930 ||| INVOKING Heroism.
 44931 | Depths:4 | 44931 ||| INVOKING Finesse.
 45036 | Depths:4 | Noticed Xtahua
 45037 | Depths:4 | 45037 ||| READING 14 scrolls of teleportation.
 45062 | Depths:4 | 45062 ||| INVOKING Heroism.
 45085 | Depths:4 | Noticed Margery
 45094 | Depths:4 | Killed Margery
 45279 | Depths:4 | Killed Xtahua
 45491 | Depths:4 | Found a sacrificial altar of Ru.
 45735 | Depths:4 | 45735 ||| PLANNING VAULTS:5
 45962 | Vaults:5 | Entered Level 5 of the Vaults
 45963 | Vaults:5 | 45963 ||| INVOKING Heroism.
 45964 | Vaults:5 | 45964 ||| STAIRDANCE
 45984 | Vaults:5 | 45984 ||| STAIRDANCE
 45990 | Vaults:4 | Identified the +3 pair of boots of Fun {rN+ Str+2 SInv}
                  | (Okawaru gifted it to you on level 4 of the Vaults)
 45990 | Vaults:4 | Received a gift from Okawaru
 46016 | Vaults:4 | 46016 ||| UPGRADING to +3 pair of boots of Fun {rN+ Str+2
                  | SInv}.
 46026 | Vaults:4 | 46026 ||| DROPPING +2 pair of boots.
 46029 | Vaults:5 | Noticed a dread lich
 46030 | Vaults:5 | 46030 ||| STAIRDANCE
 46032 | Vaults:4 | 46032 ||| INVOKING Heroism.
 46042 | Vaults:4 | Reached skill level 21 in Fighting
 46245 | Vaults:5 | 46245 ||| STAIRDANCE
 46247 | Vaults:4 | 46247 ||| INVOKING Heroism.
 46275 | Vaults:5 | 46275 ||| STAIRDANCE
 46289 | Vaults:5 | 46289 ||| STAIRDANCE
 46291 | Vaults:4 | 46291 ||| INVOKING Heroism.
 46292 | Vaults:4 | 46292 ||| INVOKING Finesse.
 46304 | Vaults:4 | Killed a dread lich
 46342 | Vaults:5 | 46342 ||| STAIRDANCE
 46344 | Vaults:4 | 46344 ||| INVOKING Heroism.
 46439 | Vaults:5 | 46439 ||| STAIRDANCE
 46448 | Vaults:4 | Reached skill level 12 in Throwing
 46455 | Vaults:5 | 46455 ||| INVOKING Heroism.
 46463 | Vaults:5 | 46463 ||| STAIRDANCE
 46614 | Vaults:5 | 46614 ||| INVOKING Heroism.
 46615 | Vaults:5 | 46615 ||| STAIRDANCE
 46628 | Vaults:5 | Noticed Mennas
 46629 | Vaults:5 | 46629 ||| STAIRDANCE
 46629 | Vaults:5 | Identified the +11 lajatang of Doom {flame, rC+ Str+4}
 46834 | Vaults:5 | 46834 ||| STAIRDANCE
 46836 | Vaults:4 | 46836 ||| INVOKING Heroism.
 46901 | Vaults:5 | 46901 ||| STAIRDANCE
 46911 | Vaults:5 | 46911 ||| STAIRDANCE
 46936 | Vaults:5 | Paralysed by a floating eye for 3 turns
 46939 | Vaults:5 | 46939 ||| STAIRDANCE
 46941 | Vaults:4 | 46941 ||| INVOKING Heroism.
 46949 | Vaults:4 | Reached XP level 25. HP: 103/171 MP: 29/30
 47134 | Vaults:5 | 47134 ||| INVOKING Heroism.
 47142 | Vaults:5 | Reached skill level 12 in Dodging
 47142 | Vaults:5 | 47142 ||| STAIRDANCE
 47342 | Vaults:5 | 47342 ||| STAIRDANCE
 47351 | Vaults:5 | Noticed a dread lich
 47352 | Vaults:5 | 47352 ||| STAIRDANCE
 47354 | Vaults:4 | 47354 ||| INVOKING Heroism.
 47412 | Vaults:5 | 47412 ||| STAIRDANCE
 47414 | Vaults:4 | 47414 ||| INVOKING Heroism.
 47428 | Vaults:4 | Killed a dread lich
 47452 | Vaults:5 | 47452 ||| INVOKING Heroism.
 47453 | Vaults:5 | 47453 ||| STAIRDANCE
 47651 | Vaults:5 | 47651 ||| INVOKING Heroism.
 47671 | Vaults:5 | Killed Mennas
 47723 | Vaults:5 | Identified the +11 morningstar "Doufaush" {vamp, rF+ rN+}
 47724 | Vaults:5 | 47724 ||| FLEEEEING.
 47729 | Vaults:5 | 47729 ||| INVOKING Heroism.
 47773 | Vaults:5 | 47773 ||| INVOKING Heroism.
 47823 | Vaults:5 | 47823 ||| FLEEEEING.
 47864 | Vaults:5 | 47864 ||| INVOKING Heroism.
 47867 | Vaults:5 | 47867 ||| Stepping ~*~*~tactically~*~*~ (hiding).
 47868 | Vaults:5 | 47868 ||| Stepping ~*~*~tactically~*~*~ (hiding).
 47947 | Vaults:5 | 47947 ||| INVOKING Heroism.
 47954 | Vaults:5 | Reached skill level 22 in Fighting
 48053 | Vaults:5 | Found the +6 arbalest "Damnation" {damnation}
 48186 | Vaults:5 | 48186 ||| INVOKING Heroism.
 48298 | Vaults:5 | Received a gift from Okawaru
 48338 | Vaults:5 | 48338 ||| Stepping ~*~*~tactically~*~*~ (hiding).
 48525 | Vaults:5 | 48525 ||| Stepping ~*~*~tactically~*~*~ (hiding).
 48707 | Vaults:5 | 48707 ||| INVOKING Heroism.
 48713 | Vaults:5 | 48713 ||| Stepping ~*~*~tactically~*~*~ (stealth).
 48865 | Vaults:5 | Got a silver rune of Zot
 48932 | Vaults:5 | 48932 ||| Stepping ~*~*~tactically~*~*~ (hiding).
 48967 | Vaults:5 | Received a gift from Okawaru
 49193 | Vaults:5 | 49193 ||| DROPPING +1 broad axe of freezing.
 49376 | Vaults:5 | 49376 ||| PLANNING SHOPPING SPREE
 49376 | Vaults:5 | 49376 ||| DROPPING +2 pair of gloves of stealth.
 49377 | Vaults:5 | 49377 ||| DROPPING +2 pair of gloves.
 49779 | D:4      | 49779 ||| BUYING 3 scrolls of blinking (315 gold).
 49779 | D:4      | Bought 3 scrolls of blinking for 315 gold pieces
 49779 | D:4      | 49779 ||| BUYING scroll of acquirement (728 gold).
 49779 | D:4      | Bought a scroll of acquirement for 728 gold pieces
 49779 | D:4      | 49779 ||| READING scroll of acquirement.
 49779 | D:4      | 49779 ||| ACQUIRING 458 gold pieces
 49779 | D:4      | Acquired 458 gold pieces
 49781 | D:4      | 49781 ||| PLANNING ZOT
 50107 | Zot:1    | Entered Level 1 of the Realm of Zot
 50109 | Zot:1    | 50109 ||| Stepping ~*~*~tactically~*~*~ (hiding).
 50123 | Zot:1    | 50123 ||| INVOKING Heroism.
 50128 | Zot:1    | 50128 ||| Stepping ~*~*~tactically~*~*~ (hiding).
 50395 | Zot:1    | 50395 ||| Stepping ~*~*~tactically~*~*~ (hiding).
 50405 | Zot:1    | 50405 ||| INVOKING Heroism.
 50409 | Zot:1    | Reached skill level 21 in Armour
 50804 | Zot:1    | Noticed qw's ghost (veteran MiBe)
 50807 | Zot:1    | 50807 ||| Stepping ~*~*~tactically~*~*~ (hiding).
 50811 | Zot:1    | 50811 ||| INVOKING Heroism.
 50984 | Zot:1    | Found a runed translucent gate.
 50984 | Zot:1    | Found a runed translucent gate.
 50988 | Zot:1    | Found a runed translucent gate.
 51213 | Zot:2    | 51213 ||| STAIRDANCE
 51220 | Zot:1    | 51220 ||| INVOKING Heroism.
 51226 | Zot:1    | Identified the +1 helmet of the Miller {rC+} (Okawaru
                  | gifted it to you on level 1 of the Realm of Zot)
 51226 | Zot:1    | Received a gift from Okawaru
 51341 | Zot:1    | 51341 ||| UPGRADING to +1 helmet of the Miller {rC+}.
 51376 | Zot:2    | 51376 ||| STAIRDANCE
 51529 | Zot:2    | 51529 ||| Stepping ~*~*~tactically~*~*~ (hiding).
 51532 | Zot:2    | 51532 ||| Stepping ~*~*~tactically~*~*~ (hiding).
 51537 | Zot:2    | 51537 ||| INVOKING Heroism.
 51563 | Zot:2    | HP: 28/173 [white draconian/+2 vorpal flail[a black
                  | draconian knight] (24)]
 51563 | Zot:2    | HP: 2/173 [white draconian/+2 antimagic dire flail[a black
                  | draconian knight] (23)]
 51564 | Zot:2    | 51564 ||| READING 15 scrolls of teleportation.
 51565 | Zot:2    | 51565 ||| DRINKING 5 potions of heal wounds.
 51566 | Zot:2    | 51566 ||| DRINKING 4 potions of heal wounds.
 51567 | Zot:2    | 51567 ||| DRINKING 3 potions of heal wounds.
 51568 | Zot:2    | HP: 41/173 [red draconian scorcher/searing blast[a black
                  | draconian knight] (7)]
 51569 | Zot:2    | 51569 ||| DRINKING 2 potions of heal wounds.
 51572 | Zot:2    | 51572 ||| DRINKING potion of heal wounds.
 51598 | Zot:2    | 51598 ||| INVOKING Heroism.
 51618 | Zot:2    | HP: 41/173 [storm dragon/bolt of lightning (9)]
 51619 | Zot:2    | 51619 ||| READING 14 scrolls of teleportation.
 51625 | Zot:2    | HP: 42/173 [red draconian] (1)]
 51692 | Zot:2    | 51692 ||| FLEEEEING.
 51696 | Zot:2    | 51696 ||| STAIRDANCE
 52043 | Zot:2    | 52043 ||| INVOKING Heroism.
 52149 | Zot:2    | 52149 ||| Stepping ~*~*~tactically~*~*~ (hiding).
 52155 | Zot:2    | 52155 ||| INVOKING Heroism.
 52188 | Zot:2    | 52188 ||| Stepping ~*~*~tactically~*~*~ (cloud).
 52296 | Zot:2    | 52296 ||| INVOKING Heroism.
 52386 | Zot:2    | 52386 ||| Stepping ~*~*~tactically~*~*~ (stealth).
 52388 | Zot:2    | 52388 ||| INVOKING Heroism.
 52543 | Zot:3    | 52543 ||| INVOKING Heroism.
 52558 | Zot:3    | Reached XP level 26. HP: 173/181 MP: 30/30
 52597 | Zot:3    | 52597 ||| Stepping ~*~*~tactically~*~*~ (cloud).
 52607 | Zot:3    | 52607 ||| Stepping ~*~*~tactically~*~*~ (cloud).
 52614 | Zot:3    | 52614 ||| INVOKING Heroism.
 52638 | Zot:3    | Reached skill level 23 in Fighting
 52694 | Zot:3    | 52694 ||| Stepping ~*~*~tactically~*~*~ (hiding).
 52713 | Zot:3    | 52713 ||| Stepping ~*~*~tactically~*~*~ (stealth).
 52736 | Zot:3    | 52736 ||| Stepping ~*~*~tactically~*~*~ (hiding).
 52768 | Zot:3    | 52768 ||| INVOKING Heroism.
 52987 | Zot:3    | 52987 ||| Stepping ~*~*~tactically~*~*~ (hiding).
 52993 | Zot:3    | 52993 ||| INVOKING Heroism.
 53014 | Zot:3    | 53014 ||| INVOKING Heroism.
 53149 | Zot:3    | 53149 ||| INVOKING Heroism.
 53159 | Zot:3    | Received a gift from Okawaru
 53195 | Zot:3    | Noticed Vv
 53196 | Zot:3    | 53196 ||| Stepping ~*~*~tactically~*~*~ (hiding).
 53197 | Zot:3    | 53197 ||| Stepping ~*~*~tactically~*~*~ (hiding).
 53199 | Zot:3    | 53199 ||| DRINKING 5 potions of resistance.
 53200 | Zot:3    | 53200 ||| INVOKING Heroism.
 53201 | Zot:3    | 53201 ||| INVOKING Finesse.
 53220 | Zot:3    | Killed Vv
 53312 | Zot:3    | 53312 ||| Stepping ~*~*~tactically~*~*~ (stealth).
 53313 | Zot:3    | 53313 ||| Stepping ~*~*~tactically~*~*~ (stealth).
 53318 | Zot:3    | 53318 ||| Stepping ~*~*~tactically~*~*~ (stealth).
 53321 | Zot:3    | 53321 ||| INVOKING Heroism.
 53338 | Zot:3    | 53338 ||| DRINKING 5 potions of cancellation.
 53340 | Zot:3    | Received a gift from Okawaru
 53395 | Zot:3    | 53395 ||| Stepping ~*~*~tactically~*~*~ (stealth).
 53420 | Zot:3    | 53420 ||| Stepping ~*~*~tactically~*~*~ (stealth).
 53421 | Zot:3    | 53421 ||| INVOKING Heroism.
 53694 | Zot:3    | 53694 ||| INVOKING Heroism.
 53771 | Zot:3    | 53771 ||| Stepping ~*~*~tactically~*~*~ (hiding).
 53775 | Zot:3    | 53775 ||| INVOKING Heroism.
 53999 | Zot:3    | Noticed an orb of fire
 54000 | Zot:3    | 54000 ||| DRINKING 4 potions of resistance.
 54001 | Zot:3    | 54001 ||| INVOKING Heroism.
 54011 | Zot:3    | Gained mutation: Your magical capacity is low. (-10% MP)
                  | [an orb of fire]
 54016 | Zot:3    | Killed an orb of fire
 54205 | Zot:4    | Noticed a Killer Klown
 54206 | Zot:4    | 54206 ||| INVOKING Heroism.
 54217 | Zot:4    | Killed a Killer Klown
 54247 | Zot:4    | HP: 30/182 [purple draconian/+0 glaive[a black draconian
                  | knight] (25)]
 54248 | Zot:4    | 54248 ||| READING 14 scrolls of teleportation.
 54248 | Zot:4    | HP: 12/182 [green draconian monk[a black draconian knight]
                  | (15)]
 54248 | Zot:4    | Killed from afar by a yellow draconian annihilator

Levels and vault maps discovered:
D:1:      evilmike_arrival_rings, layout_basic,
          hellmonk_ecumenical_altar_pennies_from_heaven, serial_forest,
          infiniplex_forest_lined_3, infiniplex_forest_lined_3_way,
          infiniplex_forest_straight_5, infiniplex_forest_lined_3,
          minmay_pentomino_u4
D:2:      layout_basic, kennysheep_path_1, uniq_sigmund
D:3:      layout_loops_ring, tgw_xom, nicolae_yredelemnul_corpse_copse,
          portal_sewer_entry_b, serial_undead, serial_undead_d, serial_undead_c,
          serial_undead_f, serial_undead_a, chequers_decorated_corner,
          moated_statue, hangedman_decor_push, uniq_terence
D:4:      nicolae_cairo_tiling_very_big, layout_gridville,
          nicolae_overflow_crystal_walls, serial_shops, nicolae_shop_stone
D:5:      layout_basic, nicolae_ashenzari_skybound, temple_hall_moat,
          serial_shops, shop, minmay_tree_intersection, minivault_19, uniq_ijyb
D:6:      layout_gridville, nicolae_ossuary_entry_plus,
          minmay_large_rounded_square
D:7:      layout_loops_ring, uniq_prince_ribbit1
D:8:      layout_gridville
D:9:      layout_big_octagon, kennysheep_mini, dpeg_lair_monsters, the_hattery
D:10:     layout_loops_cross, amcnicky_altar_gilded, kennysheep_vampire_church,
          hellmonk_bongcloud_opening
D:11:     layout_basic, kennysheep_generic_room_14
D:12:     layout_loops_ring, orc_0_dummy, serial_shops, kennysheep_mini_moat
D:13:     layout_roguey, uniq_kirke
D:14:     layout_irregular_city, erik_vaults_1, chequers_mini_garden,
          uniq_nessos
D:15:     grunt_enter_depths_hoard, layout_basic, trove_entry_hex_spiral,
          grunt_dithmenos_smoke_and_mirrors, serial_aquarium,
          aquarium_bridge_square [aquarium_subvault_bridge,
          aquarium_subvault_wall, aquarium_subvault_bridge,
          aquarium_subvault_bridge], aquarium_window_1, aquarium_window_corner,
          aquarium_window_corner, aquarium_view_2d, aquarium_view_2b,
          aquarium_balcony_5b, aquarium_pool_corner, hangedman_aviary,
          uniq_jorgrun
Temple:   hellmonk_temple_divided_pantheon
Lair:1:   layout_cave_pods, nicolae_lair_grove_arrangements,
          chequers_serial_rivers_large_b, grunt_megastairs_3
Lair:2:   layout_chaotic_city, basic_altar
Lair:3:   layout_loops_ring, minmay_shoals_entry_hut,
          minmay_snake_entry_six_corridors, beast_lair_carwin_1, uniq_josephine
Lair:4:   layout_small_grid, minmay_slime_entry_oklob_enclosed, serial_bayou,
          serial_bayou_crossing, serial_bayou_pond_c, serial_bayou_pond_b,
          serial_bayou_lagoon_a, gammafunk_ghost_ooze, uniq_sonja
Lair:5:   grunt_lair_end_beastmaster, layout_loops_ring,
          grunt_forest_stairs_basic
Shoals:1: layout_shoals, nicolae_shoals_sun_and_surf
Shoals:2: layout_shoals, nicolae_shoals_seven_spires,
          nicolae_shoals_beach_cooler
Shoals:3: layout_shoals, nicolae_shoals_so_close, uniq_donald
Shoals:4: shoals_end_grunt_garden, layout_shoals, serial_shops,
          nicolae_shop_competitors_out_of_business
Snake:1:  layout_gridlike, serial_bayou_shore_a
Snake:2:  nicolae_snake_shooting_gallery, layout_honeycomb, grunt_ministairs_1
Snake:3:  layout_layer_cave, serial_bayou_lagoon_b
Snake:4:  johnstein_snake_rune_scales, layout_grid_shapes, lemuel_fruit_tree
Orc:1:    layout_diamond_mine, nicolae_orc_jurassic_orc
Orc:2:    st_orc_open, layout_diamond_mine, basic_altar, minmay_orc_keep
Vaults:1: ontoclasm_vaults_fault, vaults_room_octagon, v_misc_28,
          hangedman_vaults_impose, hangedman_vaults_nails,
          nicolae_vaults_ring_of_whatevers, st_octagons_2, ontoclasm_vaults_eye,
          nicolae_vaults_shelves_hall, nicolae_vaults_shelves_hall,
          nicolae_vaults_little_squares_3, layout_vaults_ring, serial_glass,
          serial_shops, shop_fountains
Vaults:2: hangedman_vaults_slither, nicolae_vaults_big_angled_halls,
          hangedman_vaults_slice, v_misc_3, ontoclasm_vaults_loading_screen,
          v_pattern_3, layout_vaults_omnigrid, serial_shops, nicolae_shop_stone,
          uniq_mara, uniq_zenata
Vaults:3: vaults_room_hallway, nicolae_vaults_minivaults, vaults_room_grid,
          vaults_room_door_ring, minmay_crypt_entry_necro_gods, v_misc_27,
          v_misc_2, vaults_dpeg_emergency_exit, nicolae_vaults_little_squares_6,
          vaults_room_pools, vaults_room_corners,
          nicolae_vaults_little_squares_5, layout_vaults_big_room
Vaults:4: nicolae_vaults_statue_guard, nicolae_vaults_stairing_the_circle,
          v_alt_pattern_3, v_misc_5, hangedman_vaults_pinch,
          dpeg_vaults_monster_row, v_alt_pattern_2,
          vaults_room_grunt_arrival_ludios, vaults_dpeg_spiral,
          layout_vaults_maze, uniq_boris
Vaults:5: uniq_mennas
Depths:1: layout_honeycomb, rand_demon_pan_entry_1, pf_coc_iceberg,
          serial_rivers, chequers_serial_rivers_room_b,
          chequers_serial_rivers_micro_e, chequers_serial_rivers_large_a,
          chequers_serial_rivers_small_a, chequers_serial_rivers_room_a,
          minmay_misc_feat_four_crosses, skrybe_limestone_x, eino_tiny_chamber,
          st_stairs_11, lemuel_angel_altar
Depths:2: cheibrodos_poisonous_passages, layout_gridlike, enter_ziggurat_d,
          hell_entry, hangedman_decor_diamond_cutter, pan_entry, serial_shops,
          nicolae_shop_crystal, nicolae_abyss_entry_one_way_or_another,
          not_door_vault_due, serial_bayou_shore_b, uniq_asterion
Depths:3: vault_1, layout_basic, abyss_entry, hell_entry, fedhas_altar_1,
          st_stairs_2
Depths:4: evilmike_zot_entry_diamond, layout_honeycomb,
          chequers_serial_rivers_small_b, serial_glass, glass_columns_a,
          glass_columns_c, glass_columns_c, glass_columns_a, glass_columns_a,
          pf_hell_entry_great_geh, nicolae_ru_the_path_less_chosen, uniq_xtahua,
          uniq_margery
Zot:1:    layout_basic, gammafunk_ghost_split
Zot:2:    layout_onion_interference
Zot:3:    layout_basic, st_single_dragon_hoard_1, hangedman_elemental_corridor,
          uniq_vv
Zot:4:    layout_misc_corridors, lemuel_lake_of_fire

Skill      XL: |  1  2  3  4  5  6  7  8  9 10 11 12 13 14 15 16 17 18 19 20 21 22 23 24 25 26 |
---------------+-------------------------------------------------------------------------------+-----
Axes           | 2 3 5 6 7 8 9 11 12 14 15 16 17 18 | 18.0
Throwing       | 1 2 3 4 5 6 9 10 11 12 13 | 13.0
Fighting       | 4 5 6 7 8 9 10 11 12 13 14 15 16 18 20 21 22 23 | 23.0
Dodging        | 1 2 3 5 6 7 9 10 11 12 | 12.7
Armour         | 4 6 7 9 10 11 12 13 14 16 17 19 20 21 22 | 22.0
Shields        | 5 9 11 12 13 14 15 16 17 18 19 20 21 | 21.7
Invocations    | 4 5 9 10 | 10.0

Action                   |  1- 3 |  4- 6 |  7- 9 | 10-12 | 13-15 | 16-18 | 19-21 | 22-24 | 25-27 || total
-------------------------+-------+-------+-------+-------+-------+-------+-------+-------+-------++-------
Melee: War axe           |    63 |    75 |       |       |       |       |       |       |       ||   138
       Broad axe         |       |    95 |   237 |   297 |   656 |   945 |   451 |  1304 |   703 ||  4688
       Kick              |       |       |    38 |    88 |    86 |       |       |       |       ||   212
Throw: Boomerang         |     8 |    53 |    11 |    21 |    43 |    40 |     2 |    15 |    19 ||   212
       Javelin           |       |       |    31 |    61 |   116 |    56 |    44 |   103 |    35 ||   446
Invok: Heroism           |       |       |     7 |    21 |    39 |    37 |    16 |    48 |    34 ||   202
       Finesse           |       |       |       |     1 |     9 |     7 |     2 |    16 |     1 ||    36
Evoke: Wand              |       |       |       |       |       |       |       |     1 |       ||     1
  Use: Scroll            |     2 |     7 |    14 |     1 |     4 |     6 |     1 |     4 |     4 ||    43
       Potion            |     2 |     1 |     4 |       |     1 |     5 |     1 |       |     8 ||    22
 Stab: Petrified         |       |       |       |       |    11 |       |       |       |       ||    11
       Petrifying        |       |       |       |       |     1 |       |       |       |       ||     1
       Confused          |       |       |       |       |       |       |       |       |     1 ||     1
Armor: Scale mail        |    15 |       |       |       |       |       |       |       |       ||    15
       Chain mail        |    32 |   110 |   123 |    74 |       |       |       |       |       ||   339
       Plate armour      |       |       |       |    93 |   258 |   332 |   143 |   357 |   278 ||  1461
Dodge: Dodged            |    33 |    64 |    51 |    51 |   110 |   226 |   123 |   364 |   297 ||  1319
Block: Buckler           |    11 |    37 |    20 |       |       |       |       |       |       ||    68
       Tower shield      |       |       |    61 |   294 |   488 |   945 |   462 |  1157 |   779 ||  4186
       Reflection        |       |       |       |       |       |       |       |     4 |    27 ||    31

Table legend:
 A = Non-vault XP
 B = Vault XP
 C = Vault XP percentage of total XP
 D = Non-vault monster count
 E = Vault monster count
 F = Vault count percentage of total count
                 A         B        C        D         E       F
            +---------+---------+-------+---------+---------+-------
      Total |  615308 |  385693 |  38.5 |    1124 |     586 |  34.3
            +---------+---------+-------+---------+---------+-------
        D:1 |      22 |       3 |  12.0 |      13 |       3 |  18.8
        D:2 |     142 |     214 |  60.1 |      27 |       1 |   3.6
        D:3 |       7 |     254 |  97.3 |       5 |      21 |  80.8
        D:4 |     310 |       0 |   0.0 |      17 |       0 |   0.0
        D:5 |     621 |      38 |   5.8 |      12 |       1 |   7.7
        D:6 |    1208 |       0 |   0.0 |      23 |       0 |   0.0
        D:7 |     936 |     274 |  22.6 |       9 |       1 |  10.0
        D:8 |    1670 |       0 |   0.0 |      25 |       0 |   0.0
        D:9 |    2697 |    3252 |  54.7 |      29 |       7 |  19.4
       D:10 |    3046 |      67 |   2.2 |      25 |       6 |  19.4
       D:11 |    5178 |     159 |   3.0 |      18 |       1 |   5.3
       D:12 |    3871 |       0 |   0.0 |      19 |       0 |   0.0
       D:13 |    5345 |    2209 |  29.2 |      12 |       5 |  29.4
       D:14 |   13210 |    2701 |  17.0 |      23 |       3 |  11.5
       D:15 |   14234 |    9374 |  39.7 |      26 |      11 |  29.7
     Lair:1 |    4861 |    1676 |  25.6 |      20 |       9 |  31.0
     Lair:2 |    7322 |       0 |   0.0 |      20 |       0 |   0.0
     Lair:3 |    4575 |    4554 |  49.9 |      16 |      19 |  54.3
     Lair:4 |    3827 |    1824 |  32.3 |      12 |       3 |  20.0
     Lair:5 |   14972 |    9785 |  39.5 |      42 |      19 |  31.1
   Shoals:1 |    6371 |    3309 |  34.2 |      13 |       5 |  27.8
   Shoals:2 |   12205 |       0 |   0.0 |      22 |       0 |   0.0
   Shoals:3 |   19773 |    1536 |   7.2 |      42 |       2 |   4.5
   Shoals:4 |   17449 |   21178 |  54.8 |      30 |      35 |  53.8
    Snake:1 |   11112 |       0 |   0.0 |      21 |       0 |   0.0
    Snake:2 |    6271 |    6522 |  51.0 |      13 |       9 |  40.9
    Snake:3 |   26974 |       0 |   0.0 |      48 |       0 |   0.0
    Snake:4 |   20569 |   23209 |  53.0 |      43 |      37 |  46.2
      Orc:1 |    3832 |    3454 |  47.4 |      26 |       9 |  25.7
      Orc:2 |    1598 |   11592 |  87.9 |      16 |      37 |  69.8
   Vaults:1 |   41727 |   13094 |  23.9 |      58 |      18 |  23.7
   Vaults:2 |   31848 |   26944 |  45.8 |      41 |      30 |  42.3
   Vaults:3 |   28980 |   24312 |  45.6 |      36 |      34 |  48.6
   Vaults:4 |   35992 |   78741 |  68.6 |      51 |      75 |  59.5
   Vaults:5 |   10176 |   42892 |  80.8 |      14 |      36 |  72.0
   Depths:1 |   31416 |    5685 |  15.3 |      38 |       8 |  17.4
   Depths:2 |   27165 |   23571 |  46.5 |      35 |      22 |  38.6
   Depths:3 |   26016 |   28282 |  52.1 |      35 |      29 |  45.3
   Depths:4 |   33642 |   22117 |  39.7 |      39 |      16 |  29.1
      Zot:1 |   28460 |       0 |   0.0 |      22 |       0 |   0.0
      Zot:2 |   50084 |       0 |   0.0 |      43 |       0 |   0.0
      Zot:3 |   46116 |   12453 |  21.3 |      37 |       6 |  14.0
      Zot:4 |    9478 |       0 |   0.0 |       8 |       0 |   0.0
      Sewer |       0 |     269 | 100.0 |       0 |      44 | 100.0
    Ossuary |       0 |     149 | 100.0 |       0 |      24 | 100.0
            +---------+---------+-------+---------+---------+-------
